 Dungeon Crawl Stone Soup version 0.31-a0-112-gdf0485fa37 (webtiles) character file.

Game seed: 11490003102890216573

19514766 TittyCrusher the Heavyweight Champion (level 27, 419/419 HPs)
             Began as a Troll Monk on May 26, 2023.
             Was the Champion of Cheibriados.
             Escaped with the Orb
             ... and 15 runes on May 28, 2023!
             The game lasted 06:05:19 (78571 turns).

TittyCrusher the Heavyweight Champion (Troll Monk) Turns: 78571, Time: 06:05:19

Health: 419/419    AC: 35    Str: 37    XL:     27
Magic:  36/39      EV: 29    Int: 29    God:    Cheibriados [******]
Gold:   7985       SH: 29    Dex: 37    Spells: 6/53 levels left

rFire   + +          .
                       - Unarmed
rCold   + + .        z - +5 kite shield {rC+ rF+}
rNeg    + + +        m - melded +4 troll leather armour of the Shining Light {rN+ Regen+ Int+4 Dex+4 Stlth+}
rPois   ∞            f - +0 hat of Miracles {Str+2 Stlth+}
rElec   +            M - +2 cloak {Will+}
rCorr   .            (gloves unavailable)
SInv    .            (boots unavailable)
Will    ++...        T - amulet "Simimile" {Reflect +Blink Regen+ SH+5}
Stlth   ++           J - ring of Ymneeje {rF+ rC+ rN+ Str-5 Int+4}
HPRegen 2.49/turn    A - ring of Ascent {rPois rN+ Dex+6 Slay+5}
MPRegen 0.26/turn

%: random rage (3%), reflection
@: mighty, brilliant, about to teleport, statue-form, weak-willed, attractive,
enlightened, flying, studying 3 skills, invisible, very slow
A: slow and powerful, torment resistance 1, boosted hp, large, unfitting armour,
claws 3, regeneration 1, (shaggy fur 1), (tough skin 1), hooves 1, (iridescent
scales 1), berserk 1, clumsy 1, deterioration 1, weak 1, inability to drink
after injury 1, sturdy frame 1
0: Orb of Zot
}: 15/15 runes: decaying, serpentine, slimy, silver, golden, iron, obsidian,
icy, bone, abyssal, demonic, glowing, magical, fiery, dark
a: End Transformation, Renounce Religion, Evoke Blink, Bend Time, Temporal
Distortion, Slouch, Step From Time


You escaped.
You worshipped Cheibriados.
Cheibriados was exalted by your worship.
You were a living statue of rough stone.
You visited 18 branches of the dungeon, and saw 88 of its levels.
You visited Pandemonium 1 time, and saw 23 of its levels.
You visited the Abyss 2 times.
You visited 2 bazaars.
You visited 1 ziggurat, and saw 19 of its levels.
You also visited: Trove and Ice Cave.

You collected 12895 gold pieces.
You spent 4910 gold pieces at shops.

Inventory:

Missiles
 t - 3 throwing nets
 O - 203 large rocks (quivered)
Armour
 f - the +0 hat of Miracles (worn) {Str+2 Stlth+}
   (You found it in a treasure trove)

   Str:       It affects your strength (+2).
   Stlth:     It makes you more stealthy.
 j - a +8 tower shield of reflection
 k - the +1 cloak of Starlight {*Dazzle EV+4 Stlth--}
   (You bought it in a shop in a bazaar)

   *Dazzle:   It may blind those who miss an attack against the wearer in melee
   combat.
   EV:        It affects your evasion (+4).
   Stlth:     It makes you much less stealthy.
 m - the +4 troll leather armour of the Shining Light (melded) {rN+ Regen+ Int+4 Dex+4 Stlth+}
   (You found it in Pandemonium)

   Int:       It affects your intelligence (+4).
   Dex:       It affects your dexterity (+4).
   rN:        It protects you from negative energy.
   Regen:     It increases your rate of health regeneration.
   Stlth:     It makes you more stealthy.
 z - a +5 kite shield of resistance (worn)
 G - a +2 robe of willpower
 M - a +2 cloak of willpower (worn)
Magical Staves
 b - the staff of earth "Iteleng" {rF+ Str+2}
   (You found it on level 8 of a ziggurat)

   [staff of earth]

   Base accuracy: +5 Base damage: 5 Base attack delay: 1.2 This weapon's minimum
   attack delay (0.6) is reached at skill level 12.
   Str:       It affects your strength (+2).
   rF:        It protects you from fire.
   It falls into the 'Staves' category.
   It is a one-clawed weapon.
 Z - the staff of air "Edue" {+Blink rElec Will+}
   (You found it on level 7 of Tartarus)

   [staff of air]

   Base accuracy: +5 Base damage: 5 Base attack delay: 1.2 This weapon's minimum
   attack delay (0.6) is reached at skill level 12.
   rElec:     It insulates you from electricity.
   +Blink:    It lets you blink.
   Will:      It increases your willpower.
   It falls into the 'Staves' category.
   It is a one-clawed weapon.
Jewellery
 d - the ring of Yzics {Contam rN+ rCorr AC+4}
   (You found it on level 7 of a ziggurat)

   [ring of protection]

   AC:        It affects your AC (+4).
   rN:        It protects you from negative energy.
   Contam:    It causes magical contamination when unequipped.
   rCorr:     It protects you from acid and corrosion.
 q - the ring "Exkoar" {Wiz rC+ Int+3 Dex+3}
   (You took it off a deep elf death mage on level 3 of the Elven Halls)

   [ring of wizardry]

   It improves your spell success rate.
   Int:       It affects your intelligence (+3).
   Dex:       It affects your dexterity (+3).
   rC:        It protects you from cold.
 r - the ring "Sisynomi" {*Slow rC+ rN++ rCorr Slay+3}
   (You acquired it on level 2 of the Swamp)

   [ring of protection from cold]

   Slay:      It affects your accuracy & damage with ranged weapons and melee
   (+3).
   rC:        It protects you from cold.
   rN:        It greatly protects you from negative energy.
   rCorr:     It protects you from acid and corrosion.
   *Slow:     It may slow you when you take damage.
 v - the ring "Sorase" {rN+ Dex+2}
   (You found it on level 1 of the Tomb of the Ancients)

   [ring of positive energy]

   Dex:       It affects your dexterity (+2).
   rN:        It protects you from negative energy.
 x - the amulet of Qimotoe {Acrobat Int+3 Slay+2}
   (You found it on level 6 of the Dungeon)

   [amulet of the acrobat]

   It increases your evasion while moving and waiting.
   Int:       It affects your intelligence (+3).
   Slay:      It affects your accuracy & damage with ranged weapons and melee
   (+2).
 A - the ring of Ascent (right claw) {rPois rN+ Dex+6 Slay+5}
   (You bought it in a shop in a bazaar)

   [ring of dexterity]

   Dex:       It affects your dexterity (+6).
   Slay:      It affects your accuracy & damage with ranged weapons and melee
   (+5).
   rPois:     It protects you from poison.
   rN:        It protects you from negative energy.
 B - the ring of Oqukutuu {rCorr EV+5 Str+2 Int+7 Dex-3}
   (You found it on level 3 of the Crypt)

   [ring of evasion]

   EV:        It affects your evasion (+5).
   Str:       It affects your strength (+2).
   Int:       It affects your intelligence (+7).
   Dex:       It affects your dexterity (-3).
   rCorr:     It protects you from acid and corrosion.
 I - the ring "Qaxechoi" {rPois rN+ Will+}
   (You took it off a deep elf master archer on level 3 of the Elven Halls)

   [ring of positive energy]

   rPois:     It protects you from poison.
   rN:        It protects you from negative energy.
   Will:      It increases your willpower.
 J - the ring of Ymneeje (left claw) {rF+ rC+ rN+ Str-5 Int+4}
   (You took it off a deep elf blademaster on level 3 of the Elven Halls)

   [ring of positive energy]

   Str:       It affects your strength (-5).
   Int:       It affects your intelligence (+4).
   rF:        It protects you from fire.
   rC:        It protects you from cold.
   rN:        It protects you from negative energy.
 N - the ring of Duokkis {rC- Will+++ MP+9 Int+3 Dex+7}
   (You took it off Antaeus on level 7 of Cocytus)

   [ring of magical power]

   Int:       It affects your intelligence (+3).
   Dex:       It affects your dexterity (+7).
   rC:        It makes you vulnerable to cold.
   MP:        It affects your magic capacity (+9).
   Will:      It greatly increases your willpower.
 S - the ring "Atzyebyr" {Ice Contam rElec rPois rCorr}
   (You took it off Josephina on level 4 of the Realm of Zot)

   [ring of ice]

   It enhances your ice magic.
   rF:        It makes you vulnerable to fire.
   rC:        It protects you from cold.
   rElec:     It insulates you from electricity.
   rPois:     It protects you from poison.
   Contam:    It causes magical contamination when unequipped.
   rCorr:     It protects you from acid and corrosion.
 T - the amulet "Simimile" (around neck) {Reflect +Blink Regen+ SH+5}
   (You found it on level 17 of a ziggurat)

   [amulet of reflection]

   It reflects blocked missile attacks.
   +Blink:    It lets you blink.
   Regen:     It increases your rate of health regeneration.
   SH:        It affects your SH (+5).
 V - the ring "Ceble" {rElec rN+ Will+}
   (You found it in Pandemonium)

   [ring of positive energy]

   rElec:     It insulates you from electricity.
   rN:        It protects you from negative energy.
   Will:      It increases your willpower.
 X - a ring of wizardry
Wands
 c - a wand of digging (15)
 y - a wand of iceblast (4)
 C - a wand of acid (81)
 P - a wand of mindburst (3)
Scrolls
 g - 16 scrolls of poison
 h - 11 scrolls of vulnerability
 i - 39 scrolls of teleportation
 n - 5 scrolls of immolation
 s - 9 scrolls of magic mapping
 u - 2 scrolls of enchant armour
 D - 9 scrolls of fog
 K - 3 scrolls of summoning
 L - 7 scrolls of blinking
 R - 11 scrolls of fear
 U - 7 scrolls of amnesia
 Y - 55 scrolls of identify
Potions
 a - 17 potions of curing
 l - 9 potions of lignification
 o - 7 potions of mutation
 p - 8 potions of attraction
 w - 3 potions of invisibility
 E - 8 potions of cancellation
 F - 16 potions of enlightenment
 H - 2 potions of might
 Q - 7 potions of brilliance
 W - 6 potions of heal wounds
Miscellaneous
 e - a figurine of a ziggurat


   Skills:
 O Level 27 Fighting
 - Level 21.8 Throwing
 + Level 15.3 Dodging
 - Level 18.3 Shields
 O Level 27 Unarmed Combat
 - Level 13.9 Spellcasting
 - Level 12.1 Translocations
 - Level 12.2 Transmutations
 O Level 27 Earth Magic
 - Level 17.2 Invocations
 - Level 12.7 Evocations


You had 6 spell levels left.
You knew the following spells:

 Your Spells              Type           Power      Damage    Failure   Level
a - Wereblood             Tmut           95%        N/A       1%          2
b - Blink                 Tloc           100%       N/A       1%          2
c - Apportation           Tloc           100%       N/A       1%          1
d - Dragon Form           Tmut           47%        N/A       17%         7
e - Statue Form           Tmut/Erth      77%        N/A       1%          6
f - Lee's Rapid Deconstr  Erth           66%        3d30*     0%          5
g - Blade Hands           Tmut           47%        N/A       1%          5
h - Lesser Beckoning      Tloc           100%       N/A       1%          2
i - Shatter               Erth           66%        3d49*     4%          9
j - Necromutation         Tmut/Necr      35%        N/A       100%        8

Your spell library contained the following spells:

 Spells                   Type           Power      Damage    Failure   Level
 Sandblast                Erth           100%       2d20      0%          1
 Passwall                 Tmut/Erth      96%        N/A       0%          2
 Petrify                  Tmut/Erth      100%       N/A       0%          4
 Beastly Appendage        Tmut           100%       N/A       1%          1
 Sting                    Tmut/Pois      100%       1d8       1%          1
 Momentum Strike          Conj/Tloc      100%       3d10      1%          2
 Gell's Gravitas          Tloc           94%        N/A       1%          3
 Ignite Poison            Fire/Tmut/Pois 60%        N/A       1%          3
 Portal Projectile        Hex/Tloc       100%       N/A       1%          3
 Spider Form              Tmut/Pois      70%        N/A       1%          3
 Stone Arrow              Conj/Erth      100%       3d13      1%          3
 Teleport Other           Tloc           94%        N/A       1%          3
 Animate Armour           Summ/Erth      100%       N/A       1%          4
 Leda's Liquefaction      Hex/Erth       49%        N/A       1%          4
 Manifold Assault         Tloc           94%        N/A       1%          4
 Passage of Golubria      Tloc           94%        N/A       1%          4
 Borgnjor's Vile Clutch   Necr/Erth      49%        N/A       1%          5
 Leda's Unmaking          Conj/Erth      49%        9d8       1%          6
 Ice Form                 Ice/Tmut       70%        N/A       2%          4
 Iskenderun's Mystic Bla  Conj/Tloc      70%        2d14      2%          4
 Foxfire                  Conj/Fire      100%       2x1d9     3%          1
 Freeze                   Ice            100%       1d10      3%          1
 Kiss of Death            Conj/Necr      100%       2d13      3%          1
 Magic Dart               Conj           100%       1d8       3%          1
 Necrotise                Necr           100%       1d9       3%          1
 Shock                    Conj/Air       100%       1d9       3%          1
 Summon Small Mammal      Summ           100%       N/A       3%          1
 Dispersal                Tloc           47%        N/A       3%          6
 Call Imp                 Summ           60%        N/A       4%          2
 Cigotuvi's Dreadful Rot  Necr/Pois/Air  60%        N/A       4%          2
 Ensorcelled Hibernation  Hex/Ice        60%        N/A       4%          2
 Poisonous Vapours        Pois/Air       60%        N/A       4%          2
 Scorch                   Fire           60%        2d8       4%          2
 Searing Ray              Conj           60%        2d6       4%          2
 Static Discharge         Conj/Air       60%        2-5/arc   4%          2
 Sublimation of Blood     Necr           30%        N/A       4%          2
 Alistair's Intoxication  Tmut/Pois      46%        N/A       7%          5
 Irradiate                Conj/Tmut      35%        3d23      7%          5
 Summon Forest            Summ/Tloc      35%        N/A       7%          5
 Yara's Violent Unravell  Hex/Tmut       35%        3d14      7%          5
 Call Canine Familiar     Summ           30%        N/A       9%          3
 Confusing Touch          Hex            30%        N/A       9%          3
 Dazzling Flash           Conj/Hex       60%        N/A       9%          3
 Frozen Ramparts          Ice            60%        1d10      9%          3
 Hailstorm                Conj/Ice       30%        3d8       9%          3
 Mephitic Cloud           Conj/Pois/Air  30%        N/A       9%          3
 Ozocubu's Armour         Ice            30%        N/A       9%          3
 Summon Guardian Golem    Hex/Summ       30%        N/A       9%          3
 Swiftness                Air            30%        N/A       9%          3
 Tukima's Dance           Hex            30%        N/A       9%          3
 Vampiric Draining        Necr           30%        2d8       9%          3
 Airstrike                Air            15%        2d(3-19)  30%         4
 Anguish                  Hex/Necr       15%        N/A       30%         4
 Animate Dead             Necr           30%        N/A       30%         4
 Dispel Undead            Necr           30%        3d14      30%         4
 Flame Wave               Conj/Fire      30%        2d9       30%         4
 Fulminant Prism          Conj/Hex       15%        3d10      30%         4
 Olgreb's Toxic Radiance  Pois           30%        N/A       30%         4
 Sticky Flame             Conj/Fire      30%        2d5       30%         4
 Summon Ice Beast         Ice/Summ       30%        N/A       30%         4
 Summon Lightning Spire   Summ/Air       30%        N/A       30%         4
 Eringya's Noxious Bog    Tmut/Pois      35%        N/A       36%         6
 Agony                    Necr           30%        N/A       63%         5
 Fireball                 Conj/Fire      15%        3d8       63%         5
 Freezing Cloud           Conj/Ice/Air   15%        6-21      63%         5
 Iskenderun's Battlesphe  Conj           30%        2d8       63%         5
 Metabolic Englaciation   Hex/Ice        15%        N/A       63%         5
 Summon Mana Viper        Hex/Summ       30%        N/A       63%         5
 Conjure Ball Lightning   Conj/Air       15%        3x3d6     99%         6
 Death Channel            Necr           15%        N/A       99%         6
 Plasma Beam              Fire/Air       15%        2x1d29    99%         6
 Simulacrum               Ice/Necr       15%        N/A       99%         6
 Starburst                Conj/Fire      15%        6d6       99%         6
 Summon Cactus Giant      Summ           15%        N/A       99%         6
 Lehudib's Crystal Spear  Conj/Erth      49%        10d12     61%         8
 Disjunction              Tloc           47%        N/A       80%         8
 Storm Form               Tmut/Air       35%        N/A       90%         7
 Malign Gateway           Summ/Tloc      35%        N/A       91%         7
 Enfeeble                 Hex            15%        N/A       100%        7
 Monstrous Menagerie      Summ           15%        N/A       100%        7
 Orb of Destruction       Conj           15%        9d7       100%        7
 Ozocubu's Refrigeration  Ice            15%        4d10      100%        7
 Spellforged Servitor     Conj/Summ      15%        N/A       100%        7
 Summon Hydra             Summ           15%        N/A       100%        7
 Borgnjor's Revivificati  Necr           15%        N/A       100%        8
 Discord                  Hex            15%        N/A       100%        8
 Ignition                 Fire           15%        3d6       100%        8
 Infestation              Necr           15%        N/A       100%        8
 Maxwell's Capacitive Co  Air            15%        ∞         100%        8
 Summon Horrible Things   Summ           15%        N/A       100%        8
 Chain Lightning          Conj/Air       15%        3d20      100%        9
 Death's Door             Necr           15%        N/A       100%        9
 Fire Storm               Conj/Fire      15%        8d4       100%        9


Dungeon Overview and Level Annotations

Branches:
Dungeon (15/15)            Temple (1/1) D:5            Lair (5/5) D:9
  Swamp (4/4) Lair:3        Snake (4/4) Lair:2        Slime (5/5) Lair:5
    Orc (2/2) D:12            Elf (3/3) Orc:2        Vaults (5/5) D:14
  Crypt (3/3) Vaults:3       Tomb (3/3) Crypt:3      Depths (4/4) D:15
   Hell (visited)             Dis (7/7) Hell            Geh (7/7) Hell
    Coc (7/7) Hell            Tar (7/7) Hell            Zot (5/5) Depths:4
  IceCv (visited)

Altars:
Ashenzari
Cheibriados
Dithmenos
Elyvilon
Fedhas
Gozag
Hepliaklqana
Kikubaaqudgha
Makhleb
Nemelex Xobeh
Okawaru
Qazlal
Ru
Sif Muna
Trog
Uskayaw
Vehumet
Wu Jian
Xom
Yredelemnul
Zin
The Shining One

Shops:
D:1 *   D:8 (   Orc:1 (   Orc:2 ([[(   Snake:1 :   Snake:2 *[   Depths:2 ?(?=(
Depths:4 *

Portals:
Hell: Depths:1 Depths:2 Depths:3 Depths:4
Abyss: Depths:3
Pandemonium: Depths:2


Innate Abilities, Weirdness & Mutations

You are a living statue of rough stone.
Your actions are slow, but your melee attacks are powerful.
You are resistant to unholy torment.
Your maximum health is greatly increased.
You are immune to poison.
Your equipment is partially melded.
You are too large for most types of armour.
You have claws for hands.
Your natural rate of healing is unusually fast.
((You are covered in fur. (AC +1)))
((You have tough skin. (AC +1)))
You have large cloven feet.
((You are partially covered in iridescent scales. (AC +2)))
You sometimes lose your temper in combat.
You are clumsy. (Dex -2)
Your body sometimes deteriorates upon taking damage.
You are weak. (Str -2)
You occasionally lose the ability to drink potions when taking damage.
Your movements are slightly less encumbered by armour. (ER -2)


Message History

There is a stone staircase leading down here.
You see here a +0 dagger.
Your transformation is almost over.
An Orb Guardian comes into view.
You revert to your normal fleshy form.
The +4 troll leather armour of the Shining Light {rN+ Regen+ Int+4 Dex+4 Stlth+} unmelds from your body.
You block the Orb Guardian's attack. x2; The Orb Guardian misses you.
You block the Orb Guardian's attack.
You eviscerate the Orb Guardian!!!
You kick the Orb Guardian, but do no damage.
The Orb Guardian is severely wounded.
You scratch the Orb Guardian but do no damage.
You kick the Orb Guardian, but do no damage.
The Orb Guardian is severely wounded.
You block the Orb Guardian's attack.
You eviscerate the Orb Guardian!!!!
You kill the Orb Guardian!
Cheibriados thoroughly appreciates the change of pace.
There is an open door here.
There is an open door here.
There is a staircase leading out of the dungeon here.
Casting: Statue Form (mildly dangerous; 1% risk of failure)
Confirm with . or Enter, or press ? or * to list all spells.
You turn into a living statue of rough stone.
The +4 troll leather armour of the Shining Light {rN+ Regen+ Int+4 Dex+4 Stlth+} melds into your body.
You feel clever all of a sudden.
You fade into invisibility!
You feel very buoyant.
You fly up into the air.
You feel very mighty all of a sudden.
Really quaff the potion of attraction?
You feel attractive to monsters.
Okay, then.
Really read the scroll of vulnerability?
You can't even see any enemies this would affect.
As you read the scroll of vulnerability, it crumbles to dust.
Magic quickly surges around you.
As you read the scroll of teleportation, it crumbles to dust.
You feel strangely unstable.
You feel the Orb delaying your translocation!
You have escaped!

###.#.#####.# #.#
..≈≈#.# #.#####.#
.≈∩≈#.# #.#.....#
.≈≈≈#.#####.#.###.###
............#.###...#
..#.#.#######.##....#
#.#.#.........##'##.#
#.#.......#####...#.#
..####....# #.8.#.#
#.# #....# #...#.#
..####....# ##+##.#
..........# #....#
######....# ######
######


There were no monsters in sight!

Vanquished Creatures
  Cerebov (Pan)
  Antaeus (Coc:7)
  Asmodeus (Geh:7)
  the Royal Jelly (Slime:5)
  the Serpent of Hell (Geh:7)
  Gloorx Vloq (Pan)
  Mnoleg (Pan)
  Lom Lobon (Pan)
  7 dread liches
  11 pandemonium lords
  Dispater (Dis:7)
  7 orbs of fire
  6 ancient liches
  4 juggernauts
  26 royal mummies
  Josephina (Zot:4)
  Sojobo (Vaults:3)
  Vv (Crypt:1)
  Frederick (Vaults:3)
  8 shard shrikes
  13 Killer Klowns
  Bai Suzhen (Swamp:3)
  The ghost of Joextigh the Crack Shot, a veteran KoHu of Okawaru (Vaults:4)
  4 curse toes
  the Lernaean hydra (Swamp:4)
  Vashnia (Snake:2)
  26 caustic shrikes
  16 golden dragons
  Geryon (Hell)
  6 profane servitors
  13 Brimstone Fiends
  32 bone dragons
  4 spectral shard shrikes
  20 iron giants
  13 doom hounds
  21 Tzitzimimeh
  9 hellephants
  21 Ice Fiends
  24 Hell Sentinels
  16 tentacled monstrosities
  8 electric golems
  Zenata (Vaults:3)
  The ghost of Pooter the Executioner, an adept MiBe of Trog (Snake:4)
  20 tainted leviathans
  13 liches
  3 deep elf blademasters
  Grunn (Zot:4)
  28 Orb Guardians
  7 quicksilver dragons
  16 titans
  4 deep elf master archers
  23 Executioners
  17 searing wretches
  7 death cobs
  6 tentacled starspawn
  23 acid blobs
  44 ancient champions
  15 sphinxes
  Donald (Vaults:1)
  4 shadow dragons
  7 draconian monks
  8 tengu reavers
  23 storm dragons
  11 rockslimes
  6 demonspawn warmongers (Pan)
  A fenstrider witch (shapeshifter) (Zig:16)
  6 azure jellies
  15 frost giants
  12 narguns
  18 nagarajas
  14 revenants
  8 draconian knights
  2 fenstrider witches (Swamp:3)
  20 fire giants
  22 vault wardens
  17 ghost moths
  9 quicksilver elementals
  Louise (Depths:3)
  44 balrugs
  Aizul (Snake:3)
  3 draconian scorchers
  A caustic shrike zombie (Tomb:1)
  3 spectral juggernauts
  8 deep elf sorcerers
  9 shard shrike simulacra
  24 ghouls
  A juggernaut zombie (Tomb:1)
  5 draconian shifters
  3 spectral caustic shrikes
  2 emperor scorpions
  14 iron dragons
  4 deep elf elementalists (Elf:3)
  2 draconian stormcallers
  22 cacodemons
  An angel (Pan)
  A formless jellyfish (shapeshifter) (Zig:16)
  18 reapers
  28 war gargoyles
  13 ironbound preservers
  5 curse skulls
  14 demonspawn blood saints
  4 orc warlords
  10 quicksilver oozes
  8 draconian annihilators
  32 very ugly things
  The ghost of Monarks the Spear-Bearer, a journeyman HuMo of Elyvilon (Orc:2)
  A broodmother (Zig:4)
  A juggernaut skeleton (Crypt:3)
  8 vampire knights
  10 green draconians
  8 demonspawn corrupters (Pan)
  16 lorocyprocas
  8 ironbound thunderhulks
  5 spriggan defenders
  18 elemental wellsprings
  4 spectral titans
  9 black draconians
  10 eleionomae
  9 bennus
  27 stone giants
  11 demonspawn black suns
  An eleionoma (shapeshifter) (Zig:16)
  25 putrid mouths
  14 purple draconians
  5 deep elf demonologists (Elf:3)
  3 halazid warlocks (Tar:2)
  Azrael (Elf:2)
  6 deep elf annihilators
  7 bunyips
  18 wendigos
  9 white draconians
  5 dire elephants
  15 red draconians
  16 yellow draconians
  Snorg (D:10)
  8 formless jellyfish
  4 spark wasps
  15 ettins
  17 eidola
  3 merfolk javelineers
  9 green deaths
  21 iron golems
  3 shambling mangroves
  20 mummy priests
  The ghost of mandoloar the Frost Mage, a journeyman GnIE of the Shining One (Lair:1)
  20 blizzard demons
  A merfolk impaler (Depths:1)
  7 jiangshi
  2 spectral golden dragons
  A spectral quicksilver dragon (Tar:6)
  10 entropy weavers
  A spectral iron giant (Tar:6)
  10 deep elf death magi
  6 crystal guardians
  17 yaktaur captains
  4 ice dragons
  5 deep elf high priests
  13 great orbs of eyes
  12 fire dragons
  6 spectral spriggans
  An elf skeleton (Pan)
  31 vault guards
  8 juggernaut simulacra
  11 salamander tyrants
  5 hell beasts
  A fenstrider witch zombie (Tomb:1)
  A catoblepas (Lair:2)
  7 ironbound frosthearts
  2 ogre magi
  A peacekeeper (Vaults:3)
  14 spriggan air magi
  5 rakshasas
  Erica (D:8)
  19 boulder beetles
  7 caustic shrike simulacra
  9 ghost crabs
  29 hydras
  2 death knights
  10 stokers
  A radroach (Zig:12)
  A spriggan skeleton (Pan)
  8 two-headed ogres
  2 spectral stone giants
  8 anacondas
  4 tengu warriors
  4 death yaks
  A fenstrider witch skeleton (Pan)
  11 alligators
  37 centaur warriors
  A satyr (Zig:9)
  19 naga warriors
  63 death scarabs
  7 deep troll earth magi
  Urug (Lair:4)
  7 vampire magi
  2 deep troll shamans
  24 hell hogs
  3 orc high priests
  39 dancing weapons
  The ghost of mandoloar the Martial Artist, a novice OpTm of Cheibriados (D:8)
  82 sun demons
  12 thrashing horrors
  8 spriggan berserkers
  15 deep elf knights
  A spectral dire elephant (Tar:1)
  15 hell knights
  26 naga sharpshooters
  9 iron trolls
  10 shock serpents
  8 wretched stars
  Amaemon (Lair:3)
  A titan skeleton (Pan)
  8 fire crabs
  47 soul eaters
  14 skeletal warriors
  2 salamander mystics
  17 crystal echidnas
  16 shadow wraiths
  A spark wasp zombie (Crypt:1)
  6 spriggan druids
  26 sixfirhies
  40 deep trolls
  4 flayed ghosts
  A goliath frog (shapeshifter) (Zig:16)
  5 orb spiders (Zig:12)
  2 anaconda skeletons
  A shadow dragon zombie (Crypt:2)
  3 goliath frogs
  6 naga ritualists
  A spatial maelstrom (Zig:18)
  18 swamp dragons
  A steelbarb worm (Zig:12)
  5 sea snakes (Snake:3)
  9 shadow demons
  An orange crystal statue (Swamp:3)
  4 glowing orange brains
  2 quicksilver dragon simulacra
  Pikel (D:7)
  An obsidian statue (Elf:3)
  19 wizards
  2 death drakes
  10 lindwurms
  2 harpies
  8 bog bodies
  19 ironbound convokers
  A spectral hydra (Tar:1)
  7 deep elf archers
  9 necromancers
  7 orc knights
  4 bunyip skeletons (Pan)
  8 orc sorcerers
  A harpy (shapeshifter) (D:13)
  14 phantasmal warriors
  37 deep elf pyromancers
  3 shining eyes
  4 wolf spiders
  26 deep elf zephyrmancers
  2 mana vipers
  2 manticores
  2 fauns (Zig:9)
  2 spectral alligator snapping turtles
  69 ugly things
  2 salamanders (shapeshifter) (Zig:15)
  3 worldbinders
  2 spectral ettins (Tar:2)
  14 cyclopes
  3 spectral centaurs
  4 elephants (Lair:5)
  A will-o-the-wisp (Swamp:2)
  29 moths of wrath
  18 salamanders
  An eye of devastation (shapeshifter) (D:13)
  5 apocalypse crabs
  2 guardian serpents (shapeshifter)
  2 black mambas (shapeshifter) (D:14)
  A naga zombie (Tomb:3)
  15 demonic crawlers (Pan)
  50 black mambas
  22 naga magi
  12 guardian serpents
  21 orange demons
  5 gargoyles
  2 stone giant skeletons (Pan)
  5 titan simulacra
  6 rust devils
  4 eyes of devastation
  27 vault sentinels
  47 smoke demons
  16 molten gargoyles
  10 cane toads
  5 torpor snails
  3 unseen horrors
  A rime drake (shapeshifter) (D:9)
  2 rime drakes
  2 dire elephant skeletons (Pan)
  A bunyip simulacrum (Coc:1)
  43 hellions
  A yaktaur (shapeshifter) (D:14)
  A storm dragon simulacrum (Coc:1)
  13 komodo dragons
  A black draconian zombie (Crypt:2)
  An alligator snapping turtle skeleton (Crypt:2)
  39 tormentors
  33 yaktaurs
  6 tengu conjurers
  5 anaconda simulacra
  A kobold demonologist (D:9)
  12 efreet
  10 red devils
  9 freezing wraiths
  6 ancient zymes
  2 golden dragon simulacra
  12 ice devils
  An iron giant simulacrum (Coc:5)
  An unseen horror skeleton (Crypt:1)
  50 guardian mummies
  A spectral deep troll (Tar:2)
  6 spectral harpies
  A hydra zombie (Hell)
  A catoblepas skeleton (Crypt:1)
  2 bloated husks
  3 silent spectres
  3 trolls
  2 harpy zombies
  20 hornets
  21 hellwings
  11 tyrant leeches
  2 meliai
  8 blink frogs
  2 harpy skeletons
  4 polar bears
  Prince Ribbit (D:7)
  A hydra skeleton (Hell)
  4 raiju
  A snapping turtle (shapeshifter) (Zig:15)
  A spectral black mamba (Tar:1)
  4 iron dragon simulacra
  An ice dragon zombie (Crypt:2)
  A draconian simulacrum (Zot:4)
  6 dream sheep (Lair:5)
  A centaur simulacrum (D:13)
  2 stone giant simulacra
  An ice dragon skeleton (Crypt:2)
  8 air elementals
  86 slime creatures
  Sigmund (D:3)
  3 culicivoras
  16 spriggans
  10 ushabtiu
  A jumping spider (shapeshifter) (Zig:16)
  2 shadows
  31 flying skulls
  5 wyverns
  9 wraiths
  23 ynoxinuls
  7 dire elephant simulacra
  5 humans (D:10)
  8 water elementals
  A yak (shapeshifter) (Elf:2)
  2 ettin skeletons (Pan)
  A fire dragon skeleton (Pan)
  63 starcursed masses
  3 golden eyes (Abyss:6)
  An alligator snapping turtle simulacrum (Coc:3)
  5 steam dragons
  26 chaos spawn
  22 neqoxecs
  A yellow draconian simulacrum (Zot:4)
  12 basilisks
  53 yaks
  10 fire elementals
  6 redbacks
  A tyrant leech zombie (Crypt:3)
  A wind drake skeleton (Crypt:3)
  A small abomination (Abyss:6)
  5 vampire mosquitoes
  13 harpy simulacra
  A sea snake simulacrum (Hell)
  10 swamp worms
  37 nagas
  5 hydra simulacra
  5 wargs
  Duvessa (D:5)
  6 hell hounds
  3 acid dragons
  15 water moccasins
  A fire bat skeleton (Crypt:2)
  A faun skeleton (Crypt:3)
  2 moth of wrath simulacra (Zot:4)
  A cane toad zombie (Crypt:1)
  2 naga skeletons
  44 large abominations
  A black bear (shapeshifter) (Vaults:5)
  A guardian serpent simulacrum (Snake:4)
  3 ice beasts
  A snapping turtle zombie (Crypt:3)
  8 swamp drakes
  56 orc warriors
  3 ettin simulacra
  2 black bears
  A lindwurm zombie (Crypt:1)
  3 black mamba simulacra (Snake:4)
  23 centaurs
  A snapping turtle skeleton (Crypt:3)
  7 wolves
  2 boggarts
  12 ogres
  3 lemures (D:7)
  A phantom (D:4)
  A swamp dragon skeleton (Crypt:2)
  A yaktaur zombie (Crypt:2)
  A gnoll sergeant (D:9)
  4 kobold brigands
  12 bullfrogs
  9 earth elementals
  7 necrophages
  2 cane toad simulacra (IceCv)
  2 scorpions (D:5)
  3 two-headed ogre simulacra (IceCv)
  23 wights
  Dowan (D:5)
  2 elephant simulacra (IceCv)
  6 spectral nagas
  9 killer bees
  4 howler monkeys
  5 crimson imps (Pan)
  5 lava snakes (Lair:5)
  A wolf skeleton (Crypt:1)
  4 hounds
  A basilisk zombie (Crypt:2)
  Crazy Yiuf (D:3)
  A human zombie (Crypt:3)
  2 jellies (D:6)
  27 orc priests
  6 centaur skeletons
  A gnoll bouda (D:7)
  Jessica (D:3)
  2 iguanas (D:6)
  Terence (D:3)
  9 hell rats
  34 orc wizards
  3 troll simulacra (IceCv)
  A basilisk skeleton (Crypt:1)
  2 polar bear simulacra (IceCv)
  11 spriggan simulacra
  A deep dwarf zombie (Crypt:3)
  A tengu skeleton (Crypt:3)
  37 mummies
  5 adders
  8 gnolls
  13 naga simulacra
  A shadow imp (D:7)
  6 white imps (IceCv)
  5 ufetubi
  An adder zombie (Crypt:3)
  An iguana skeleton (Crypt:1)
  A lava snake skeleton (Crypt:3)
  4 worms
  3 dart slugs
  99 orcs
  12 ball pythons
  A bat zombie (Crypt:1)
  5 endoplasms
  4 giant cockroaches
  15 goblins
  8 hobgoblins
  4 jackals (D:2)
  4 quokkas
  4 bats
  3 frilled lizards
  A frilled lizard zombie (Crypt:2)
  22 kobolds
  7 rats
  3 creeping infernos (Geh:7)
  3 fire vortices
  2 lurking horrors
  3 starspawn tentacles (Zig:18)
4528 creatures vanquished.

Vanquished Creatures (others)
  3 pandemonium lords (Zig:16)
  An eldritch tentacle (Pan)
  2 sphinxes (shapeshifter) (Zig:16)
  2 frost giants (shapeshifter) (Zig:16)
  An iron dragon (Zig:19)
  2 shard shrike simulacra
  A fire giant (Geh:5)
  A balrug (Pan)
  A formless jellyfish (shapeshifter) (Zig:16)
  A demonspawn corrupter (Pan)
  2 very ugly things (Zig:16)
  A demonspawn blood saint (Pan)
  2 wendigos
  3 bennus (Tomb:3)
  A demonspawn black sun (Pan)
  2 blizzard demons (Pan)
  3 green deaths (Pan)
  A salamander tyrant (Zig:17)
  A caustic shrike simulacrum (Coc:1)
  2 hydras
  A stoker (Geh:6)
  4 juggernaut simulacra
  A deep troll shaman (Depths:4)
  2 deep elf knights (Elf:1)
  A death drake (shapeshifter) (Zig:16)
  3 quicksilver dragon simulacra
  2 wizards (Pan)
  A spriggan simulacrum (Coc:3)
  A deep elf pyromancer (Elf:2)
  A guardian serpent (Snake:4)
  A titan simulacrum (Coc:3)
  A black mamba (Snake:2)
  4 smoke demons (Pan)
  A bunyip simulacrum (Coc:1)
  A guardian mummy (Tomb:3)
  A hellwing (Pan)
  2 bloated husks
  3 water elementals (Depths:3)
  A spectral black mamba (Snake:4)
  2 iron dragon simulacra (Coc:4)
  A draconian simulacrum (Zot:4)
  A large abomination (D:15)
  An air elemental (Elf:1)
  A fire elemental (Elf:1)
  2 dire elephant simulacra
  A basilisk (Lair:5)
  2 chaos spawn (Pan)
  A hell hound (Elf:2)
  5 hydra simulacra (Depths:3)
  A swamp drake (Swamp:4)
  A bullfrog (D:9)
  A naga simulacrum (Coc:4)
  A mummy (Tomb:1)
  11 ball lightnings
  4 creeping infernos
  A fire vortex (Geh:5)
  6 foxfires (Swamp:2)
  14 starspawn tentacles
122 creatures vanquished.

Grand Total: 4650 creatures vanquished

Notes
Turn   | Place    | Note
-------+----------+-------------------------------------------
     0 | D:1      | TittyCrusher the Troll Monk began the quest for the Orb.
     0 | D:1      | Reached XP level 1. HP: 22/22 MP: 0/0
    20 | D:1      | Found Tarownao's General Store.
   134 | D:1      | Reached XP level 2. HP: 29/29 MP: 1/1
   454 | D:1      | Reached XP level 3. HP: 36/36 MP: 2/2
   777 | D:1      | Bought a scroll of teleportation for 30 gold pieces
   793 | D:2      | Found a hazy altar of Hepliaklqana.
  1138 | D:2      | Reached XP level 4. HP: 39/44 MP: 3/3
  1147 | D:2      | Reached skill level 5 in Unarmed Combat
  1225 | D:2      | Found a faded altar of an unknown god.
  1233 | D:2      | Got Plato's Excursus on the Ground
  1535 | D:1      | Bought a potion of lignification for 30 gold pieces
  1581 | D:3      | Noticed Sigmund
  1590 | D:3      | Killed Sigmund
  1591 | D:3      | Reached XP level 5. HP: 50/50 MP: 4/4
  1692 | D:3      | Noticed Terence
  1708 | D:2      | Reached XP level 6. HP: 37/59 MP: 5/5
  1792 | D:3      | Found a runed translucent door.
  1793 | D:3      | Noticed Crazy Yiuf
  1797 | D:3      | Gained mutation: You have large cloven feet. [potion of
                  | mutation]
  1797 | D:3      | Gained mutation: Your muscles are strong. (Str +4, Int/Dex
                  | -1) [potion of mutation]
  1797 | D:3      | Gained mutation: You have an increased reservoir of magic.
                  | (+10% MP) [potion of mutation]
  2242 | D:3      | Killed Terence
  2262 | D:3      | Noticed Jessica
  2269 | D:3      | Killed Jessica
  2732 | D:1      | Bought a scroll of summoning for 95 gold pieces
  2868 | D:3      | Killed Crazy Yiuf
  3187 | D:4      | Reached XP level 7. HP: 62/66 MP: 6/6
  3191 | D:4      | Identified the +0 leather armour of Parts Unknown {*Slow
                  | rElec rN++}
  3580 | D:4      | Found a sacrificial altar of Ru.
  3647 | D:5      | Entered Level 5 of the Dungeon
  3774 | D:5      | Found a shimmering altar of Xom.
  3781 | D:5      | Found a shimmering altar of Xom.
  3782 | D:5      | Found a shimmering altar of Xom.
  3817 | D:5      | Found a staircase to the Ecumenical Temple.
  3822 | Temple   | Entered the Ecumenical Temple
  3854 | Temple   | Became a worshipper of Cheibriados the Contemplative
  3854 | Temple   | Reached * piety under Cheibriados
  3854 | Temple   | Reached ** piety under Cheibriados
  3886 | D:5      | Reached XP level 8. HP: 71/74 MP: 7/7
  3925 | D:5      | Reached skill level 10 in Unarmed Combat
  4135 | D:5      | Found a shimmering altar of Xom.
  4189 | D:5      | Found a shimmering altar of Xom.
  4355 | D:5      | Noticed Duvessa
  4356 | D:5      | Noticed Dowan
  4366 | D:5      | Killed Duvessa
  4373 | D:5      | Killed Dowan
  4509 | D:6      | Learned a level 2 spell: Wereblood
  4560 | D:6      | Reached XP level 9. HP: 71/80 MP: 8/8
  4646 | D:6      | Identified the amulet of Qimotoe {Acrobat Int+3 Slay+2}
  4803 | D:6      | Reached skill level 1 in Transmutations
  5060 | D:7      | Reached *** piety under Cheibriados
  5106 | D:7      | Reached skill level 1 in Invocations
  5249 | D:7      | Noticed Pikel
  5255 | D:7      | Killed Pikel
  5261 | D:7      | Reached skill level 5 in Invocations
  5542 | D:7      | Reached XP level 10. HP: 88/88 MP: 14/14
  5560 | D:7      | Noticed Prince Ribbit
  5561 | D:7      | Killed Prince Ribbit
  5811 | D:1      | Bought a scroll of fog for 40 gold pieces
  5811 | D:1      | Bought a potion of cancellation for 80 gold pieces
  5811 | D:1      | Bought a potion of enlightenment for 50 gold pieces
  5811 | D:1      | Bought a scroll of teleportation for 30 gold pieces
  6012 | D:8      | Found a glowing golden altar of the Shining One.
  6058 | D:8      | Found Teorisoo's Antique Weapon Shop.
  6148 | D:8      | Noticed Erica
  6150 | D:8      | Reached **** piety under Cheibriados
  6157 | D:8      | Killed Erica
  6235 | D:8      | Identified the +0 robe of Fedhas's Pride {+Inv rN+++ Int+4
                  | Dex-3}
  6486 | D:8      | Noticed mandoloar's ghost (novice OpTm)
  6495 | D:8      | Found a transporter.
  6498 | D:8      | Found a transporter.
  6712 | D:9      | Reached skill level 5 in Dodging
  6772 | D:9      | Found a staircase to the Lair.
  7042 | D:9      | Reached XP level 11. HP: 91/94 MP: 17/17
  7082 | D:9      | Reached ***** piety under Cheibriados
  7246 | D:9      | Noticed a centaur warrior
  7248 | D:9      | Noticed a centaur warrior
  7251 | D:9      | Killed a centaur warrior
  7252 | D:9      | Noticed a two-headed ogre
  7255 | D:9      | Killed a centaur warrior
  7260 | D:9      | Killed a two-headed ogre
  7261 | D:9      | Reached skill level 5 in Fighting
  7272 | D:9      | Noticed a purple ugly thing
  7290 | D:9      | Killed a purple ugly thing
  7326 | D:9      | Identified the +7 dagger of the Tent {antimagic, *Noise
                  | +Blink Dex+5}
  7332 | D:9      | Found the +7 mace of Variability {chaos, chaos arc}
  7431 | Lair:1   | Entered Level 1 of the Lair of Beasts
  7573 | Lair:1   | Found a runed translucent door.
  7573 | Lair:1   | Noticed mandoloar's ghost (journeyman GnIE)
  8136 | Lair:1   | Killed mandoloar's ghost
  8237 | Lair:2   | Reached XP level 12. HP: 120/120 MP: 18/18
  8427 | Lair:2   | Noticed an eight-headed hydra
  8430 | Lair:2   | Killed a ten-headed hydra
  8445 | Lair:2   | Reached skill level 10 in Fighting
  8495 | Lair:2   | Noticed a death yak
  8495 | Lair:2   | Noticed a death yak
  8495 | Lair:2   | Noticed a seven-headed hydra
  8502 | Lair:2   | Killed an 11-headed hydra
  8507 | Lair:2   | Killed a death yak
  8518 | Lair:2   | Killed a death yak
  8524 | Lair:2   | Reached ****** piety under Cheibriados
  9096 | Lair:2   | Found a staircase to the Snake Pit.
  9099 | Lair:2   | Noticed a catoblepas
  9120 | Lair:2   | Killed a catoblepas
  9550 | Lair:3   | Found a staircase to the Swamp.
  9680 | Lair:3   | Reached skill level 10 in Dodging
  9769 | Lair:3   | Reached XP level 13. HP: 133/133 MP: 19/19
  9959 | Lair:3   | Noticed Amaemon
  9965 | Lair:3   | Killed Amaemon
 11140 | Lair:4   | Found a runed translucent door.
 11201 | Lair:4   | Reached skill level 15 in Unarmed Combat
 11349 | Lair:4   | Noticed Urug
 11354 | Lair:4   | Killed Urug
 11676 | Lair:5   | Entered Level 5 of the Lair of Beasts
 11722 | Lair:5   | Found an ornate altar of the Wu Jian Council.
 11724 | Lair:5   | Found a hide-covered altar of Uskayaw.
 11729 | Lair:5   | Reached XP level 14. HP: 117/143 MP: 14/20
 11847 | Lair:5   | Found a staircase to the Slime Pits.
 12248 | Lair:5   | Found a large runed translucent door.
 12250 | Lair:5   | Found a large runed translucent door.
 12981 | D:10     | Entered Level 10 of the Dungeon
 13564 | D:10     | Noticed Snorg
 13569 | D:10     | Killed Snorg
 14019 | D:11     | Found a frozen archway.
 14036 | IceCv    | Entered an ice cave
 14715 | IceCv    | Learned a level 2 spell: Blink
 14983 | D:11     | Reached skill level 1 in Translocations
 15657 | D:12     | You fall into a shaft and drop 3 floors!
 15657 | D:15     | Entered Level 15 of the Dungeon
 15940 | D:14     | Reached skill level 5 in Translocations
 15945 | D:14     | Reached XP level 15. HP: 142/149 MP: 22/22
 15955 | D:14     | Found a gate to the Vaults.
 16129 | D:13     | Identified the staff of poison "Atuicziw" {Drain rPois rC+
                  | rN+ Dex+2}
 16202 | D:13     | Reached skill level 10 in Invocations
 17058 | D:12     | Found a staircase to the Orcish Mines.
 17173 | D:13     | Identified the staff of earth "Xizoust" {rC- Int+6}
 17234 | D:13     | Found a stormy altar of Qazlal.
 18059 | D:14     | Found a portal to a secret trove of treasure.
 18677 | D:14     | Identified the staff of fire "Locul" {rElec rPois rF+ Str-5
                  | Stlth+}
 18692 | D:14     | Noticed a sphinx
 18697 | D:14     | Killed a sphinx
 18737 | D:14     | Reached XP level 16. HP: 158/158 MP: 27/27
 18934 | D:14     | Got Rigrog's Information on the Wyrd and Corpses
 19326 | D:15     | Found a staircase to the Depths.
 19887 | Orc:1    | Entered Level 1 of the Orcish Mines
 19929 | Orc:1    | Noticed Sonja
 19932 | Orc:1    | Sonja changed into Sonja the naga
 19932 | Orc:1    | Noticed Sonja
 19939 | Orc:1    | Killed Sonja the naga
 20108 | Orc:1    | Found Citwirch's Antique Weapon Shoppe.
 20255 | Orc:2    | Entered Level 2 of the Orcish Mines
 20422 | Orc:2    | Found a runed translucent gate.
 20422 | Orc:2    | Found a runed translucent gate.
 20422 | Orc:2    | Found a runed translucent gate.
 20424 | Orc:2    | Noticed Monarks's ghost (journeyman HuMo)
 20693 | Orc:2    | Found a staircase to the Elven Halls.
 20831 | Orc:2    | Paralysed by an orc sorcerer for 3 turns
 20915 | Orc:2    | Found Jab Temaebb's Antique Armour Emporium.
 21196 | Orc:2    | Found Nem Pamp's Antique Armour Shop.
 21200 | Orc:2    | Found Etediuc's Antique Weapon Boutique.
 21319 | Orc:2    | Found Duguef's Weapon Shoppe.
 21402 | Orc:2    | Killed Monarks's ghost
 21682 | Swamp:1  | Entered Level 1 of the Swamp
 21756 | Snake:1  | Entered Level 1 of the Snake Pit
 21825 | Snake:1  | Reached skill level 1 in Shields
 21901 | Snake:1  | Identified the +6 rapier "Jit Beob" {heavy, Stlth+}
 22369 | Snake:1  | Reached skill level 5 in Shields
 22387 | Snake:1  | Found Omel's Book Boutique.
 22403 | Snake:1  | Identified the +0 pair of boots of Dithmenos's Favour {rF-
                  | rC++ SInv}
 22696 | Snake:2  | Noticed Vashnia
 22931 | Snake:2  | Killed Vashnia
 22970 | Snake:2  | Reached XP level 17. HP: 90/166 MP: 26/28
 23081 | Snake:2  | Found Vuococue's Armour Boutique.
 23308 | Snake:2  | Found Nuyfic's General Store.
 23319 | Snake:2  | Bought a scroll of fear for 68 gold pieces
 24033 | Snake:3  | Reached skill level 10 in Shields
 24242 | Snake:3  | Noticed Aizul
 24248 | Snake:3  | Killed Aizul
 24638 | Snake:4  | Entered Level 4 of the Snake Pit
 24977 | Snake:4  | Found a runed translucent gate.
 24981 | Snake:4  | Found a runed translucent gate.
 24982 | Snake:4  | Found a runed translucent gate.
 24983 | Snake:4  | Noticed Pooter's ghost (adept MiBe)
 25935 | Snake:4  | Got a serpentine rune of Zot
 26060 | Snake:4  | Killed Pooter's ghost
 26073 | Snake:4  | Reached XP level 18. HP: 123/174 MP: 29/29
 26492 | Swamp:1  | Learned a level 1 spell: Apportation
 27072 | Swamp:2  | Identified a scroll of acquirement
 27665 | Swamp:3  | Reached skill level 15 in Shields
 27685 | Swamp:3  | Identified the +7 spear "Wubuzuxo" {holy, Int+3 Dex+4}
 27794 | Swamp:3  | Noticed a tentacled monstrosity
 27798 | Swamp:3  | Found a transporter.
 27851 | Swamp:3  | Identified the ring of the Monkey's Uncle {rElec Will+
                  | rCorr}
 27858 | Swamp:3  | Found a transporter.
 27990 | Swamp:3  | Noticed Bai Suzhen
 28145 | Swamp:4  | Entered Level 4 of the Swamp
 28477 | Swamp:4  | Noticed the 27-headed Lernaean hydra
 28482 | Swamp:4  | Killed the 27-headed Lernaean hydra
 28724 | Swamp:4  | Got a decaying rune of Zot
 28928 | Swamp:3  | HP: 1/174 [something] (72)]
 29152 | Lair:3   | Acquired the ring "Sisynomi" {*Slow rC+ rN++ rCorr Slay+3}
 29405 | Vaults:1 | Entered Level 1 of the Vaults
 29634 | Vaults:1 | Reached XP level 19. HP: 177/182 MP: 20/30
 29691 | Vaults:1 | Paralysed by a great orb of eyes for 2 turns
 29850 | Vaults:1 | Paralysed by a vault sentinel for 2 turns
 30409 | Vaults:1 | Noticed Donald
 30424 | Vaults:1 | Killed Donald
 30570 | Vaults:1 | Got A Tutorial on Willworking
 30865 | Vaults:2 | Paralysed by a sphinx for 3 turns
 31972 | Vaults:3 | Noticed Sojobo
 31979 | Vaults:3 | Paralysed by an air elemental for 1 turns
 31988 | Vaults:3 | Killed Sojobo
 32104 | Vaults:3 | Noticed Frederick
 32114 | Vaults:3 | Killed Frederick
 32307 | Vaults:3 | Reached XP level 20. HP: 202/202 MP: 31/31
 32307 | Vaults:3 | Noticed Zenata
 32648 | Vaults:3 | Found a staircase to the Crypt.
 33112 | Vaults:3 | Killed Zenata
 33557 | Vaults:4 | Identified the +4 scimitar "Riffog" {drain, rElec rCorr
                  | Str+2}
 34027 | Vaults:4 | Found a runed translucent door.
 34027 | Vaults:4 | Noticed Joextigh's ghost (veteran KoHu)
 34720 | Crypt:1  | Entered Level 1 of the Crypt
 35052 | Crypt:1  | Noticed Vv
 35351 | Crypt:2  | Reached XP level 21. HP: 210/210 MP: 33/33
 36238 | Crypt:3  | Entered Level 3 of the Crypt
 36680 | Crypt:3  | Identified the +1 lajatang of Ritaf {vamp, rC- rCorr Str+4
                  | Dex-3}
 36743 | Crypt:3  | Noticed a curse toe
 36748 | Crypt:3  | Killed a curse toe
 36815 | Crypt:3  | Noticed an ancient lich
 37007 | Crypt:3  | Found a staircase to the Tomb.
 37593 | Crypt:3  | Killed an ancient lich
 37600 | Crypt:3  | Noticed a dread lich
 37611 | Crypt:3  | Killed a dread lich
 37626 | Crypt:3  | Identified the ring of Oqukutuu {rCorr EV+5 Str+2 Int+7
                  | Dex-3}
 37628 | Crypt:3  | Identified the +7 shortbow of the Devouring Gods {flame,
                  | rF+ rN+}
 37925 | Vaults:4 | Learned a level 7 spell: Dragon Form
 37931 | Vaults:4 | Upgraded the game from 0.31-a0-102-g33a4ccc0cb to
                  | 0.31-a0-108-gdf935468f2
 38249 | Elf:1    | Entered Level 1 of the Elven Halls
 38341 | Elf:1    | Paralysed by an air elemental for 1 turns
 38344 | Elf:1    | Paralysed by an air elemental for 1 turns
 38353 | Elf:1    | Paralysed by an air elemental for 1 turns
 38421 | Elf:1    | Found a flickering gateway to a bazaar.
 38457 | Bazaar   | Entered a bazaar
 38506 | Bazaar   | Found Desm's Assorted Antiques.
 38522 | Bazaar   | Found Nunowok's Armour Shoppe.
 38583 | Bazaar   | Bought the +1 cloak of Starlight {*Dazzle EV+4 Stlth--} for
                  | 366 gold pieces
 38583 | Bazaar   | Found the +1 cloak of Starlight {*Dazzle EV+4 Stlth--}
 38607 | Bazaar   | Bought a potion of brilliance for 136 gold pieces
 38607 | Bazaar   | Bought a potion of cancellation for 272 gold pieces
 38607 | Bazaar   | Bought a scroll of poison for 136 gold pieces
 38607 | Bazaar   | Bought a scroll of magic mapping for 255 gold pieces
 38818 | Elf:1    | Reached skill level 5 in Transmutations
 38947 | Elf:1    | Got the Catalogue of the Mantidfly
 39542 | Elf:2    | Found a runed translucent gate.
 39542 | Elf:2    | Found a runed translucent gate.
 39542 | Elf:2    | Found a runed translucent gate.
 39764 | Elf:3    | Entered Level 3 of the Elven Halls
 39848 | Elf:3    | Reached XP level 22. HP: 179/219 MP: 34/34
 39967 | Elf:3    | Identified the +6 trident of a bazaar {freeze, Dex+5}
 39968 | Elf:3    | Identified the ring "Exkoar" {Wiz rC+ Int+3 Dex+3}
 39968 | Elf:3    | Identified the ring of Ymneeje {rF+ rC+ rN+ Str-5 Int+4}
 39998 | Elf:3    | Identified the ring "Qaxechoi" {rPois rN+ Will+}
 40009 | Elf:3    | Found the +11 Singing Sword {sonic wave}
 40016 | Elf:3    | Identified the +0 trident of Wivvusch {freeze, rPois Int+4}
 40030 | Elf:3    | Got the Secrets of Lithic Ceraunoscopy
 40032 | Elf:3    | Got the Notes on Thunder
 40153 | Elf:3    | Identified the staff of fire "Wuwow" {rPois rF+}
 40283 | Elf:3    | Found a gateway to a bazaar.
 40290 | Bazaar   | Entered a bazaar
 40294 | Bazaar   | Found Ybolil's Jewellery Boutique.
 40300 | Bazaar   | Bought the ring "Omym" {rElec rPois SInv} for 398 gold
                  | pieces
 40314 | Bazaar   | Found Iwkoeq's Jewellery Emporium.
 40319 | Bazaar   | Bought the ring of Ascent {rPois rN+ Dex+6 Slay+5} for 651
                  | gold pieces
 40339 | Bazaar   | Found Uriloz's Book Boutique.
 40344 | Bazaar   | Bought a book of Sloth for 360 gold pieces
 40352 | Bazaar   | Learned a level 6 spell: Statue Form
 40365 | Bazaar   | Found Ucvod's General Store.
 40370 | Bazaar   | Bought a potion of might for 44 gold pieces
 40711 | Snake:1  | Bought a manual of Earth Magic for 1200 gold pieces
 41431 | Elf:2    | Reached skill level 1 in Earth Magic
 41454 | Elf:2    | Noticed Azrael
 41461 | Elf:2    | Killed Azrael
 41472 | Elf:2    | Reached skill level 5 in Earth Magic
 42079 | Depths:1 | Entered Level 1 of the Depths
 42205 | Depths:1 | Found a snail-covered altar of Cheibriados.
 42339 | Depths:1 | Identified the +2 pair of gloves of the Bells {Will+ Dex+4}
 42599 | Depths:1 | Found a gateway to Hell.
 42656 | Depths:1 | Reached skill level 10 in Transmutations
 43116 | Depths:2 | Found Etwerur's Magic Scroll Shoppe.
 43125 | Depths:2 | Bought a scroll of magic mapping for 157 gold pieces
 43125 | Depths:2 | Bought a scroll of blinking for 157 gold pieces
 43125 | Depths:2 | Bought a scroll of teleportation for 63 gold pieces
 43602 | Depths:2 | Reached skill level 10 in Earth Magic
 43727 | Depths:2 | Found Vukhlepe's Magic Scroll Emporium.
 43734 | Depths:2 | Bought a scroll of fog for 60 gold pieces
 43734 | Depths:2 | Bought a scroll of fog for 60 gold pieces
 43734 | Depths:2 | Bought a scroll of enchant armour for 112 gold pieces
 43734 | Depths:2 | Bought a scroll of fog for 60 gold pieces
 43878 | Depths:2 | Found Obeat's Jewellery Emporium.
 43982 | Depths:2 | Found Nimoa's Weapon Shoppe.
 44099 | Depths:2 | Found Sacaec's Weapon Boutique.
 44178 | Depths:2 | Noticed a golden dragon
 44190 | Depths:2 | Killed a golden dragon
 44192 | Depths:2 | Noticed a golden dragon
 44209 | Depths:2 | Killed a golden dragon
 44212 | Depths:2 | Reached XP level 23. HP: 179/227 MP: 35/35
 44228 | Depths:2 | Found the +5 glaive of the Guard {elec, spectral, AC+5}
 44612 | Depths:2 | Found a one-way gate leading to the halls of Pandemonium.
 44766 | Depths:3 | Reached skill level 1 in Spellcasting
 45049 | Depths:3 | Noticed Louise
 45053 | Depths:3 | Found a one-way gate to the infinite horrors of the Abyss.
 45058 | Depths:3 | Killed Louise
 45376 | Depths:3 | Noticed a juggernaut
 45386 | Depths:3 | Killed a juggernaut
 45480 | Depths:4 | Entered Level 4 of the Depths
 45576 | Depths:4 | Found a one-way gateway to a ziggurat.
 45577 | Depths:4 | Paralysed by a sphinx for 3 turns
 45618 | Depths:4 | Noticed a juggernaut
 45627 | Depths:4 | Killed a juggernaut
 45861 | Depths:4 | Got the Encyclopedia of Patterns
 45966 | Depths:4 | Found a gate to the Realm of Zot.
 46122 | Depths:4 | Found Gozag's Platinum Reserve.
 46169 | Depths:4 | Found an opulent altar of Gozag.
 46340 | Depths:4 | Paralysed by a sphinx for 5 turns
 46908 | Vaults:5 | Entered Level 5 of the Vaults
 46947 | Vaults:5 | Reached XP level 24. HP: 238/241 MP: 35/35
 46954 | Abyss:4  | Cast into level 4 of the Abyss (vault warden)
 47006 | Abyss:5  | Reached skill level 15 in Fighting
 47053 | Abyss:5  | Got an abyssal rune of Zot
 47130 | Abyss:6  | Found a corrupted altar of Lugonu.
 47149 | Vaults:5 | Escaped the Abyss
 47163 | Vaults:5 | Identified the ring of False Pretenses {Fire +Blink Dex-2
                  | SInv Stlth+}
 47174 | Vaults:5 | Identified the +1 leather armour of Ignis's Anger {Rampage
                  | *Corrode rElec Str+5 Dex+3}
 47402 | Vaults:5 | Reached skill level 15 in Earth Magic
 47571 | Vaults:5 | Got Onozi's Quarto of Misfortune and the Scorpion
 47817 | Vaults:5 | Reached skill level 15 in Invocations
 48011 | Vaults:5 | Found the ring of the Octopus King
 48018 | Vaults:5 | Identified a ring of the Octopus King {Wiz HP+2 AC+2 EV+2
                  | SH+2}
 48020 | Vaults:5 | Got a silver rune of Zot
 48195 | Vaults:5 | Learned a level 5 spell: Lee's Rapid Deconstruction
 48815 | Slime:1  | Entered Level 1 of the Pits of Slime
 48818 | Slime:1  | Reached skill level 1 in Throwing
 48839 | Slime:1  | Reached skill level 5 in Throwing
 49059 | Orc:2    | Learned a level 5 spell: Blade Hands
 49442 | Slime:4  | Reached XP level 25. HP: 217/262 MP: 15/36
 49545 | Slime:5  | Entered Level 5 of the Pits of Slime
 49566 | Slime:5  | Reached skill level 10 in Throwing
 49683 | Slime:5  | Noticed the Royal Jelly
 49688 | Slime:5  | Killed the Royal Jelly
 49737 | Slime:5  | Gained mutation: Your body sometimes deteriorates upon
                  | taking damage. [a shining eye]
 49973 | Slime:5  | Identified the +1 chain mail of the Trees {Rampage rCorr}
 49997 | Slime:5  | Identified the amulet "Askuol" {-Cast Contam rF++ rC+
                  | Regen+ Dex+3}
 50059 | Slime:5  | Identified the +0 ring mail of Ru's Delight {rN++ Will+
                  | Stlth-}
 50061 | Slime:5  | Got a slimy rune of Zot
 50569 | Zot:1    | Entered Level 1 of the Realm of Zot
 50778 | D:14     | You paid a toll of +5 ice dragon scales to enter a treasure
                  | trove
 50779 | Trove    | Entered a treasure trove
 50801 | Trove    | Identified the +0 hat of Miracles {Str+2 Stlth+}
 50809 | Trove    | Identified the +4 robe "Esour" {Dex+2}
 52586 | Swamp:3  | Killed Bai Suzhen
 52655 | Swamp:3  | Identified the +9 mace of Rotation {speed, rElec rPois rF++
                  | Str-5}
 52869 | D:8      | Killed mandoloar's ghost
 53237 | Vaults:4 | Killed Joextigh's ghost
 53449 | Crypt:1  | Killed Vv
 54542 | Zot:2    | Identified the +4 dagger of Mutilation {antimagic, Contam
                  | rC++ rCorr Stlth+}
 54963 | Zot:3    | Reached XP level 26. HP: 195/271 MP: 35/38
 55373 | Zot:3    | Noticed an orb of fire
 55376 | Zot:3    | Gained mutation: Your spells are a little easier to cast,
                  | but a little less powerful. [an orb of fire]
 55378 | Zot:3    | Killed an orb of fire
 56137 | Zot:4    | Noticed Grunn
 56145 | Zot:4    | Killed Grunn
 57053 | Zot:4    | Identified the ring "Atzyebyr" {Ice Contam rElec rPois
                  | rCorr}
 57053 | Zot:4    | Noticed Josephina
 57057 | Zot:4    | Killed Josephina
 57117 | Zot:4    | Reached skill level 27 in Unarmed Combat
 57472 | Zot:4    | Noticed an orb of fire
 57477 | Zot:4    | Killed an orb of fire
 57776 | Zot:5    | Entered Level 5 of the Realm of Zot
 59590 | Pan      | Entered Pandemonium
 59687 | Pan      | Reached skill level 5 in Spellcasting
 59687 | Pan      | Gained mutation: You are vulnerable to cold. (rC-) [a
                  | cacodemon]
 60072 | Pan      | Found an exit through the horrors of the Abyss.
 60560 | Pan      | Noticed Beikk the pandemonium lord
 60575 | Pan      | Killed Beikk the pandemonium lord
 60621 | Pan      | Learned a level 2 spell: Lesser Beckoning
 60802 | Pan      | Got a demonic rune of Zot
 60838 | Pan      | Found an exit through the horrors of the Abyss.
 60859 | Pan      | Learned a level 9 spell: Shatter
 60882 | Pan      | Reached XP level 27. HP: 279/279 MP: 31/38
 61001 | Pan      | Noticed Sena the pandemonium lord
 61007 | Pan      | Killed Sena the pandemonium lord
 61191 | Pan      | Entered the realm of Gloorx Vloq.
 61796 | Pan      | Noticed Gloorx Vloq
 61810 | Pan      | Killed Gloorx Vloq
 62009 | Pan      | Got a dark rune of Zot
 62110 | Pan      | Noticed Gakhlaz the pandemonium lord
 62118 | Pan      | Killed Gakhlaz the pandemonium lord
 62819 | Pan      | Gained mutation: You are partially covered in iridescent
                  | scales. (AC +2) [a cacodemon]
 62820 | Pan      | Noticed Cucausy the pandemonium lord
 62828 | Pan      | Gained mutation: Armour fits poorly on your strangely
                  | shaped body. [a neqoxec]
 62833 | Pan      | Lost mutation: Your muscles are strong. (Str +4, Int/Dex
                  | -1) [a cacodemon]
 62835 | Pan      | Killed Cucausy the pandemonium lord
 63315 | Pan      | Noticed Joim the pandemonium lord
 63324 | Pan      | Killed Joim the pandemonium lord
 63347 | Pan      | Entered the realm of Cerebov.
 63429 | Pan      | Found the +6 sword of Cerebov {flame}
 63429 | Pan      | Noticed Cerebov
 63444 | Pan      | Killed Cerebov
 63577 | Pan      | Got a fiery rune of Zot
 63747 | Pan      | Identified the ring "Ceble" {rElec rN+ Will+}
 63838 | Pan      | Identified the +4 troll leather armour of the Shining Light
                  | {rN+ Regen+ Int+4 Dex+4 Stlth+}
 64364 | Pan      | Noticed Ryfoxucw the pandemonium lord
 64377 | Pan      | Killed Ryfoxucw the pandemonium lord
 64379 | Pan      | Gained mutation: You occasionally lose the ability to read
                  | scrolls when taking damage. [a cacodemon]
 64437 | Pan      | Lost mutation: You have large cloven feet. [potion of
                  | mutation]
 64437 | Pan      | Lost mutation: You occasionally lose the ability to read
                  | scrolls when taking damage. [potion of mutation]
 64437 | Pan      | Lost mutation: Armour fits poorly on your strangely shaped
                  | body. [potion of mutation]
 64437 | Pan      | Lost mutation: You are vulnerable to cold. (rC-) [potion of
                  | mutation]
 64437 | Pan      | Lost mutation: Your body sometimes deteriorates upon taking
                  | damage. [potion of mutation]
 64437 | Pan      | Gained mutation: You are clumsy. (Dex -2) [potion of
                  | mutation]
 64437 | Pan      | Gained mutation: You are covered in thick fur. (AC +2)
                  | [potion of mutation]
 64709 | Pan      | Found an exit through the horrors of the Abyss.
 64970 | Pan      | Noticed Kosmimea the pandemonium lord
 64975 | Pan      | Killed Kosmimea the pandemonium lord
 65029 | Pan      | Entered the realm of Lom Lobon.
 65188 | Pan      | Found an exit through the horrors of the Abyss.
 65437 | Pan      | Noticed Lom Lobon
 65689 | Pan      | Killed Lom Lobon
 65694 | Pan      | Got a magical rune of Zot
 65817 | Pan      | Entered the realm of Mnoleg.
 65863 | Pan      | Gained mutation: Your body sometimes deteriorates upon
                  | taking damage. [a neqoxec]
 65878 | Pan      | Noticed Mnoleg
 65950 | Pan      | Killed Mnoleg
 66047 | Pan      | Got a glowing rune of Zot
 66093 | Pan      | Gained mutation: You occasionally shout uncontrollably at
                  | your foes. [a shining eye]
 66142 | Pan      | Gained mutation: You have hidden genetic defects. [a
                  | cacodemon]
 66153 | Pan      | Found an exit through the horrors of the Abyss.
 66162 | Pan      | Took an exit into the Abyss.
 66162 | Abyss:6  | Escaped into the Abyss
 66203 | Abyss:6  | Gained mutation: You are dopey. (Int -2) [a cacodemon]
 66221 | Depths:2 | Escaped the Abyss
 66224 | Depths:2 | Lost mutation: You are partially covered in iridescent
                  | scales. (AC +2) [potion of mutation]
 66224 | Depths:2 | Lost mutation: You have hidden genetic defects. [potion of
                  | mutation]
 66224 | Depths:2 | Lost mutation: You are dopey. (Int -2) [potion of mutation]
 66224 | Depths:2 | Gained mutation: You are frail. (-10% HP) [potion of
                  | mutation]
 66224 | Depths:2 | Gained mutation: You are partially covered in iridescent
                  | scales. (AC +2) [potion of mutation]
 66225 | Depths:2 | Lost mutation: Your body sometimes deteriorates upon taking
                  | damage. [potion of mutation]
 66225 | Depths:2 | Lost mutation: You are frail. (-10% HP) [potion of
                  | mutation]
 66225 | Depths:2 | Lost mutation: You have an increased reservoir of magic.
                  | (+10% MP) [potion of mutation]
 66225 | Depths:2 | Gained mutation: You occasionally lose the ability to drink
                  | potions when taking damage. [potion of mutation]
 66225 | Depths:2 | Gained mutation: You possess an exceptional clarity of
                  | mind. [potion of mutation]
 66225 | Depths:2 | Lost mutation: You are clumsy. (Dex -2) [potion of
                  | mutation]
 66226 | Depths:2 | Lost mutation: You occasionally shout uncontrollably at
                  | your foes. [potion of mutation]
 66226 | Depths:2 | Lost mutation: You are partially covered in iridescent
                  | scales. (AC +2) [potion of mutation]
 66226 | Depths:2 | Gained mutation: You have a pair of small horns on your
                  | head. [potion of mutation]
 66227 | Depths:2 | Lost mutation: Your spells are a little easier to cast, but
                  | a little less powerful. [potion of mutation]
 66227 | Depths:2 | Lost mutation: You are covered in thick fur. (AC +2)
                  | [potion of mutation]
 66227 | Depths:2 | Lost mutation: You occasionally lose the ability to drink
                  | potions when taking damage. [potion of mutation]
 66227 | Depths:2 | Gained mutation: You have supernaturally acute eyesight.
                  | (SInv) [potion of mutation]
 66227 | Depths:2 | Gained mutation: You are agile. (Dex +4, Str/Int -1)
                  | [potion of mutation]
 66269 | Hell     | Entered the Vestibule of Hell
 66269 | Hell     | Noticed Geryon
 66275 | Hell     | Killed Geryon
 66344 | Depths:2 | Lost mutation: You are agile. (Dex +4, Str/Int -1)
                  | [mutagenic glow]
 66624 | Hell     | Found a gateway to the ashen valley of Gehenna.
 66637 | Geh:1    | Entered Level 1 of Gehenna
 66798 | Geh:3    | Reached skill level 10 in Spellcasting
 67440 | Geh:7    | Entered Level 7 of Gehenna
 67723 | Geh:7    | Noticed the Serpent of Hell
 67734 | Geh:7    | Killed the Serpent of Hell
 68046 | Geh:7    | Found the +13 sceptre of Asmodeus
 68046 | Geh:7    | Noticed Asmodeus
 68056 | Geh:7    | Killed Asmodeus
 68064 | Geh:7    | Got an obsidian rune of Zot
 68065 | Geh:7    | Identified the +8 hand axe "Qezi" {spect, rCorr}
 68237 | Hell     | Found a gateway to the Iron City of Dis.
 68244 | Dis:1    | Entered Level 1 of the Iron City of Dis
 68526 | Dis:2    | Noticed an ancient lich
 68530 | Dis:2    | Killed an ancient lich
 68580 | Dis:2    | Noticed a juggernaut
 68592 | Dis:2    | Killed a juggernaut
 69389 | Dis:7    | Entered Level 7 of the Iron City of Dis
 69733 | Dis:7    | Noticed a juggernaut
 69736 | Dis:7    | Killed a juggernaut
 69762 | Dis:7    | Reached skill level 27 in Earth Magic
 69819 | Dis:7    | Identified the +8 spear "Wousutz" {venom, rElec rPois Str+3
                  | Stlth+}
 69819 | Dis:7    | Noticed Dispater
 69828 | Dis:7    | Killed Dispater
 69837 | Dis:7    | Got an iron rune of Zot
 69969 | Hell     | Found a gateway to the decaying netherworld of Tartarus.
 69980 | Tar:1    | Entered Level 1 of Tartarus
 69986 | Tar:1    | Reached skill level 1 in Evocations
 70133 | Tar:2    | Reached skill level 5 in Evocations
 70676 | Tar:6    | Reached skill level 15 in Throwing
 70857 | Tar:7    | Entered Level 7 of Tartarus
 70887 | Tar:7    | Noticed an ancient lich
 70893 | Tar:7    | Killed an ancient lich
 70913 | Tar:7    | Noticed a dread lich
 70915 | Tar:7    | Killed a dread lich
 70934 | Tar:7    | Identified the staff of air "Edue" {+Blink rElec Will+}
 71204 | Tar:7    | Noticed an ancient lich
 71212 | Tar:7    | Killed an ancient lich
 71214 | Tar:7    | Noticed a dread lich
 71217 | Tar:7    | Got a bone rune of Zot
 71220 | Tar:7    | Killed a dread lich
 71298 | Hell     | Found a gateway to the freezing wastes of Cocytus.
 71336 | Coc:1    | Entered Level 1 of Cocytus
 71365 | Coc:1    | Paralysed by a wendigo for 1 turns
 71618 | Coc:4    | Reached skill level 10 in Evocations
 71643 | Coc:4    | Paralysed by a wendigo for 1 turns
 71897 | Coc:6    | Paralysed by a wendigo for 1 turns
 71898 | Coc:6    | Noticed an ancient lich
 71906 | Coc:6    | Killed an ancient lich
 72001 | Coc:7    | Entered Level 7 of Cocytus
 72003 | Coc:7    | Paralysed by a wendigo for 1 turns
 72045 | Coc:7    | Noticed a dread lich
 72057 | Coc:7    | Killed a dread lich
 72350 | Coc:7    | Upgraded the game from 0.31-a0-108-gdf935468f2 to
                  | 0.31-a0-112-gdf0485fa37
 72409 | Coc:7    | Identified the ring of Duokkis {rC- Will+++ MP+9 Int+3
                  | Dex+7}
 72409 | Coc:7    | Noticed Antaeus
 72415 | Coc:7    | Paralysed by a wendigo for 1 turns
 72651 | Coc:7    | Killed Antaeus
 72703 | Coc:7    | Paralysed by a wendigo for 1 turns
 72799 | Coc:7    | Got an icy rune of Zot
 73214 | Tomb:1   | Entered Level 1 of the Tomb of the Ancients
 73218 | Tomb:1   | Identified the ring "Sorase" {rN+ Dex+2}
 73275 | Tomb:1   | Noticed a royal mummy
 73278 | Tomb:1   | Killed a royal mummy
 73286 | Tomb:1   | Noticed a royal mummy
 73290 | Tomb:1   | Killed a royal mummy
 73292 | Tomb:1   | Noticed a royal mummy
 73294 | Tomb:1   | Killed a royal mummy
 73328 | Tomb:1   | Noticed a royal mummy
 73331 | Tomb:1   | Killed a royal mummy
 73338 | Tomb:1   | Noticed a royal mummy
 73341 | Tomb:1   | Killed a royal mummy
 73385 | Tomb:1   | Noticed a royal mummy
 73390 | Tomb:1   | Noticed a royal mummy
 73393 | Tomb:1   | Killed a royal mummy
 73394 | Tomb:1   | Noticed a royal mummy
 73398 | Tomb:1   | Killed a royal mummy
 73401 | Tomb:1   | Killed a royal mummy
 73423 | Tomb:1   | Noticed a royal mummy
 73432 | Tomb:1   | Killed a royal mummy
 73670 | Tomb:1   | Noticed a royal mummy
 73675 | Tomb:1   | Killed a royal mummy
 73720 | Tomb:1   | Noticed a royal mummy
 73725 | Tomb:1   | Killed a royal mummy
 73729 | Tomb:1   | Noticed a royal mummy
 73731 | Tomb:1   | Killed a royal mummy
 73753 | Tomb:2   | Noticed a royal mummy
 73756 | Tomb:2   | Killed a royal mummy
 73770 | Tomb:2   | Noticed a royal mummy
 73775 | Tomb:2   | Noticed a royal mummy
 73776 | Tomb:2   | Killed a royal mummy
 73783 | Tomb:2   | Killed a royal mummy
 73856 | Tomb:2   | Noticed a royal mummy
 73858 | Tomb:2   | Killed a royal mummy
 73926 | Tomb:2   | Identified the +3 plate armour of Winter {Drain Int+4
                  | Dex+8}
 74023 | Tomb:2   | Identified the +1 glaive of Fragile Peace {freeze, Contam
                  | Fly Int+7 SInv}
 74209 | Tomb:1   | Noticed a royal mummy
 74212 | Tomb:1   | Killed a royal mummy
 74701 | Zig:1    | Entered Level 1 of a ziggurat
 74717 | Zig:2    | Entered Level 2 of a ziggurat
 74732 | Zig:2    | Identified the +2 trident "Fawkibun" {flame, Dex+4 Stlth+}
 74735 | Zig:2    | Identified the ring "Voutrov" {EV+5 Str+3}
 74738 | Zig:3    | Entered Level 3 of a ziggurat
 74779 | Zig:4    | Entered Level 4 of a ziggurat
 74886 | Zig:5    | Entered Level 5 of a ziggurat
 74938 | Zig:6    | Entered Level 6 of a ziggurat
 74984 | Zig:7    | Entered Level 7 of a ziggurat
 75029 | Zig:7    | Identified the ring of Yzics {Contam rN+ rCorr AC+4}
 75039 | Zig:8    | Entered Level 8 of a ziggurat
 75073 | Zig:8    | Identified the staff of earth "Iteleng" {rF+ Str+2}
 75088 | Zig:9    | Entered Level 9 of a ziggurat
 75131 | Zig:9    | Identified the +0 ring mail "Jamoc" {rN+ Will+ SInv}
 75144 | Zig:10   | Entered Level 10 of a ziggurat
 75151 | Zig:10   | Noticed an orb of fire
 75152 | Zig:10   | Noticed an orb of fire
 75157 | Zig:10   | Gained mutation: You have hidden genetic potential. [an orb
                  | of fire]
 75158 | Zig:10   | Killed an orb of fire
 75161 | Zig:10   | Gained mutation: You are weak. (Str -2) [an orb of fire]
 75162 | Zig:10   | Killed an orb of fire
 75237 | Zig:10   | Identified the +0 ring mail of Inaction {*Corrode +Blink
                  | rN+}
 75250 | Zig:10   | Learned a level 8 spell: Necromutation
 75257 | Zig:11   | Entered Level 11 of a ziggurat
 75263 | Zig:11   | Noticed Eronimez the pandemonium lord
 75265 | Zig:11   | Gained mutation: You occasionally shout uncontrollably at
                  | your foes. [a cacodemon]
 75265 | Zig:11   | Gained mutation: You are frail. (-10% HP) [a cacodemon]
 75270 | Zig:11   | Killed Eronimez the pandemonium lord
 75290 | Zig:11   | Identified the +6 sling of Beogh's Benevolence {flame,
                  | SInv}
 75294 | Zig:11   | Identified the staff of cold "Cuuhaef" {rC+ Dex+4}
 75358 | Zig:12   | Entered Level 12 of a ziggurat
 75371 | Zig:12   | Reached skill level 10 in Translocations
 75441 | Zig:12   | Identified the +4 quarterstaff "Riunluh" {vamp, rF+}
 75442 | Zig:12   | Identified the +0 leather armour of Trumpets {Str+6}
 75478 | Zig:13   | Entered Level 13 of a ziggurat
 75523 | Zig:13   | Found the amulet of the Air {Inacc Air Fly rElec RMsl}
 75524 | Zig:13   | Found the +12 glaive of Prune {freeze, Prune}
 75529 | Zig:13   | Identified the ring of Ijopiug {rC+ Str+3}
 75530 | Zig:13   | Identified the staff of cold "Teganu" {rElec rC+ rN+ Str+2}
 75548 | Zig:13   | Got the Catalogue of Impulse
 75558 | Zig:14   | Entered Level 14 of a ziggurat
 75569 | Zig:14   | Paralysed by an air elemental for 1 turns
 75574 | Zig:14   | Paralysed by an air elemental for 1 turns
 75582 | Zig:14   | Paralysed by an air elemental for 1 turns
 75589 | Zig:14   | Paralysed by an air elemental for 1 turns
 75641 | Zig:15   | Entered Level 15 of a ziggurat
 75646 | Zig:15   | Noticed a dread lich
 75653 | Zig:15   | Killed a dread lich
 75693 | Zig:15   | Identified the +7 shortbow of the Scorpion {flame, rPois
                  | Will+}
 75705 | Zig:15   | Identified the +1 pair of gloves "Bakio" {rPois}
 75733 | Zig:16   | Entered Level 16 of a ziggurat
 75750 | Zig:16   | Noticed Femiphot the pandemonium lord
 75753 | Zig:16   | Noticed Jozan the pandemonium lord
 75754 | Zig:16   | Noticed Fetoahu the pandemonium lord
 75756 | Zig:16   | Noticed Citad the pandemonium lord
 75757 | Zig:16   | Killed Femiphot the pandemonium lord
 75758 | Zig:16   | Killed Fetoahu the pandemonium lord
 75758 | Zig:16   | Killed Jozan the pandemonium lord
 75758 | Zig:16   | Killed Citad the pandemonium lord
 75793 | Zig:16   | Identified the staff of air "Lityb" {rElec Int+5 Dex-4}
 75799 | Zig:16   | Identified the +7 rapier of the Blushing Gods {venom, rPois
                  | rN+ Str+3 Stlth-}
 75808 | Zig:17   | Entered Level 17 of a ziggurat
 75855 | Zig:17   | Identified the +5 leather armour of Sasihurr {rElec MP+9}
 75866 | Zig:17   | Identified the amulet "Simimile" {Reflect +Blink Regen+
                  | SH+5}
 75907 | Zig:18   | Entered Level 18 of a ziggurat
 75939 | Zig:18   | Paralysed by accursed screaming for 1 turns
 75940 | Zig:18   | Gained mutation: You are partially covered in iridescent
                  | scales. (AC +2) [hidden potential]
 75946 | Zig:18   | Paralysed by accursed screaming for 2 turns
 75958 | Zig:18   | Gained mutation: Your spells are a little easier to cast,
                  | but a little less powerful. [a neqoxec]
 75964 | Zig:18   | Paralysed by accursed screaming for 2 turns
 76012 | Zig:18   | Got the Annotations on Petrous Accompaniment
 76038 | Zig:18   | Identified the +9 war axe of the Dungeon {antimagic, rElec
                  | rF- Str+3}
 76042 | Zig:18   | Identified the +7 rapier "Spider's Curse" {elec, rElec
                  | Int+3}
 76055 | Zig:19   | Entered Level 19 of a ziggurat
 76068 | Zig:19   | Found the +3 salamander hide armour {Flames, rFlCloud rF++
                  | rC--}
 76121 | Zig:19   | Identified the +0 storm dragon scales of Wujybibi {rElec
                  | Str+3}
 76126 | Zig:19   | Identified the staff of air "Doseamara" {Fly rElec Int-3
                  | Dex+4}
 76131 | Zig:19   | Identified the ring of Eternal Harmony {rPois rC+ Str-4
                  | Int+3 SInv}
 76496 | Tomb:1   | Lost mutation: You are partially covered in iridescent
                  | scales. (AC +2) [potion of mutation]
 76496 | Tomb:1   | Lost mutation: You have a pair of small horns on your head.
                  | [potion of mutation]
 76496 | Tomb:1   | Lost mutation: You occasionally shout uncontrollably at
                  | your foes. [potion of mutation]
 76496 | Tomb:1   | Gained mutation: You are agile. (Dex +4, Str/Int -1)
                  | [potion of mutation]
 76496 | Tomb:1   | Lost mutation: You possess an exceptional clarity of mind.
                  | [potion of mutation]
 76496 | Tomb:1   | Gained mutation: You have great hidden genetic potential.
                  | [potion of mutation]
 76497 | Tomb:1   | Lost mutation: You have supernaturally acute eyesight.
                  | (SInv) [potion of mutation]
 76497 | Tomb:1   | Lost mutation: You are agile. (Dex +4, Str/Int -1) [potion
                  | of mutation]
 76497 | Tomb:1   | Gained mutation: You sometimes lose your temper in combat.
                  | [potion of mutation]
 76497 | Tomb:1   | Gained mutation: You have an uncontrollable temper. [potion
                  | of mutation]
 76498 | Tomb:1   | Lost mutation: You are frail. (-10% HP) [potion of
                  | mutation]
 76498 | Tomb:1   | Lost mutation: You have great hidden genetic potential.
                  | [potion of mutation]
 76498 | Tomb:1   | Lost mutation: You are weak. (Str -2) [potion of mutation]
 76498 | Tomb:1   | Gained mutation: You expend magic power (3 MP) to
                  | strengthen your wands. [potion of mutation]
 76498 | Tomb:1   | Gained mutation: You passively dampen the noise of your
                  | surroundings. [potion of mutation]
 76498 | Tomb:1   | Gained mutation: You have great hidden genetic potential.
                  | [potion of mutation]
 76499 | Tomb:1   | Lost mutation: You expend magic power (3 MP) to strengthen
                  | your wands. [potion of mutation]
 76499 | Tomb:1   | Lost mutation: You passively dampen the noise of your
                  | surroundings. [potion of mutation]
 76499 | Tomb:1   | Lost mutation: You have an uncontrollable temper. [potion
                  | of mutation]
 76499 | Tomb:1   | Gained mutation: Your muscles are strong. (Str +4, Int/Dex
                  | -1) [potion of mutation]
 76499 | Tomb:1   | Gained mutation: You have supernaturally acute eyesight.
                  | (SInv) [potion of mutation]
 76499 | Tomb:1   | Gained mutation: You have large cloven feet. [potion of
                  | mutation]
 76500 | Tomb:1   | Lost mutation: You have great hidden genetic potential.
                  | [potion of mutation]
 76500 | Tomb:1   | Lost mutation: Your muscles are strong. (Str +4, Int/Dex
                  | -1) [potion of mutation]
 76500 | Tomb:1   | Lost mutation: You have hidden genetic potential. [potion
                  | of mutation]
 76500 | Tomb:1   | Gained mutation: You have hidden genetic potential. [potion
                  | of mutation]
 76500 | Tomb:1   | Gained mutation: You are strong-willed. (Will+) [potion of
                  | mutation]
 76501 | Tomb:1   | Lost mutation: You have large cloven feet. [potion of
                  | mutation]
 76501 | Tomb:1   | Lost mutation: You have supernaturally acute eyesight.
                  | (SInv) [potion of mutation]
 76501 | Tomb:1   | Lost mutation: You are strong-willed. (Will+) [potion of
                  | mutation]
 76501 | Tomb:1   | Gained mutation: You are agile. (Dex +4, Str/Int -1)
                  | [potion of mutation]
 76502 | Tomb:1   | Lost mutation: You have hidden genetic potential. [potion
                  | of mutation]
 76502 | Tomb:1   | Lost mutation: You are agile. (Dex +4, Str/Int -1) [potion
                  | of mutation]
 76502 | Tomb:1   | Lost mutation: Your spells are a little easier to cast, but
                  | a little less powerful. [potion of mutation]
 76502 | Tomb:1   | Gained mutation: You are weak. (Str -2) [potion of
                  | mutation]
 76502 | Tomb:1   | Gained mutation: Armour fits poorly on your strangely
                  | shaped body. [potion of mutation]
 76502 | Tomb:1   | Gained mutation: You are partially covered in iridescent
                  | scales. (AC +2) [potion of mutation]
 76503 | Tomb:1   | Lost mutation: You are partially covered in iridescent
                  | scales. (AC +2) [potion of mutation]
 76503 | Tomb:1   | Lost mutation: You sometimes lose your temper in combat.
                  | [potion of mutation]
 76503 | Tomb:1   | Gained mutation: Your flesh is heat resistant. (rF+)
                  | [potion of mutation]
 76503 | Tomb:1   | Gained mutation: You occasionally shout uncontrollably at
                  | your foes. [potion of mutation]
 76504 | Tomb:1   | Lost mutation: Your flesh is heat resistant. (rF+) [potion
                  | of mutation]
 76504 | Tomb:1   | Lost mutation: You occasionally shout uncontrollably at
                  | your foes. [potion of mutation]
 76504 | Tomb:1   | Lost mutation: You are weak. (Str -2) [potion of mutation]
 76504 | Tomb:1   | Gained mutation: Your mind is acute. (Int +4, Str/Dex -1)
                  | [potion of mutation]
 76504 | Tomb:1   | Gained mutation: You occasionally shout uncontrollably at
                  | your foes. [potion of mutation]
 76504 | Tomb:1   | Gained mutation: You are occasionally teleported next to
                  | monsters. [potion of mutation]
 76504 | Tomb:1   | Gained mutation: You have hidden genetic potential. [potion
                  | of mutation]
 76505 | Tomb:1   | Lost mutation: Armour fits poorly on your strangely shaped
                  | body. [potion of mutation]
 76505 | Tomb:1   | Lost mutation: You are occasionally teleported next to
                  | monsters. [potion of mutation]
 76505 | Tomb:1   | Lost mutation: Your mind is acute. (Int +4, Str/Dex -1)
                  | [potion of mutation]
 76505 | Tomb:1   | Gained mutation: You have sharp toenails. [potion of
                  | mutation]
 76506 | Tomb:1   | Lost mutation: You occasionally shout uncontrollably at
                  | your foes. [potion of mutation]
 76506 | Tomb:1   | Lost mutation: You have hidden genetic potential. [potion
                  | of mutation]
 76506 | Tomb:1   | Lost mutation: You have sharp toenails. [potion of
                  | mutation]
 76506 | Tomb:1   | Gained mutation: Your movements are slightly less
                  | encumbered by armour. (ER -2) [potion of mutation]
 76506 | Tomb:1   | Gained mutation: You occasionally lose the ability to drink
                  | potions when taking damage. [potion of mutation]
 76506 | Tomb:1   | Gained mutation: You have an increased reservoir of magic.
                  | (+10% MP) [potion of mutation]
 76507 | Tomb:1   | Lost mutation: Your movements are slightly less encumbered
                  | by armour. (ER -2) [potion of mutation]
 76507 | Tomb:1   | Lost mutation: You occasionally lose the ability to drink
                  | potions when taking damage. [potion of mutation]
 76507 | Tomb:1   | Gained mutation: You occasionally lose the ability to read
                  | scrolls when taking damage. [potion of mutation]
 76507 | Tomb:1   | Gained mutation: You possess an exceptional clarity of
                  | mind. [potion of mutation]
 76508 | Tomb:1   | Lost mutation: You have an increased reservoir of magic.
                  | (+10% MP) [potion of mutation]
 76508 | Tomb:1   | Lost mutation: You occasionally lose the ability to read
                  | scrolls when taking damage. [potion of mutation]
 76508 | Tomb:1   | Gained mutation: Your magical capacity is low. (-10% MP)
                  | [potion of mutation]
 76508 | Tomb:1   | Gained mutation: Your spells are a little easier to cast,
                  | but a little less powerful. [potion of mutation]
 76509 | Tomb:1   | Lost mutation: Your spells are a little easier to cast, but
                  | a little less powerful. [potion of mutation]
 76509 | Tomb:1   | Lost mutation: Your magical capacity is low. (-10% MP)
                  | [potion of mutation]
 76509 | Tomb:1   | Lost mutation: You possess an exceptional clarity of mind.
                  | [potion of mutation]
 76509 | Tomb:1   | Gained mutation: You are frail. (-10% HP) [potion of
                  | mutation]
 76510 | Tomb:1   | Lost mutation: You are frail. (-10% HP) [potion of
                  | mutation]
 76510 | Tomb:1   | Gained mutation: You are partially covered in iridescent
                  | scales. (AC +2) [potion of mutation]
 76510 | Tomb:1   | Gained mutation: You have large cloven feet. [potion of
                  | mutation]
 76510 | Tomb:1   | Gained mutation: Your movements are slightly less
                  | encumbered by armour. (ER -2) [potion of mutation]
 76611 | Tomb:3   | Entered Level 3 of the Tomb of the Ancients
 76618 | Tomb:3   | Noticed a royal mummy
 76623 | Tomb:3   | Killed a royal mummy
 76624 | Tomb:3   | Noticed a royal mummy
 76626 | Tomb:3   | Noticed a royal mummy
 76649 | Tomb:3   | Killed a royal mummy
 76651 | Tomb:3   | Noticed a royal mummy
 76651 | Tomb:3   | Noticed a royal mummy
 76653 | Tomb:3   | Noticed a royal mummy
 76669 | Tomb:3   | Noticed a royal mummy
 76669 | Tomb:3   | Killed a royal mummy
 76669 | Tomb:3   | Noticed a royal mummy
 76674 | Tomb:3   | Killed a royal mummy
 76677 | Tomb:3   | Killed a royal mummy
 76683 | Tomb:3   | Killed a royal mummy
 76712 | Tomb:3   | Killed a royal mummy
 76715 | Tomb:3   | Killed a royal mummy
 76808 | Tomb:3   | Identified the staff of death "Ryvas" {rPois rN+}
 76809 | Tomb:3   | Noticed a royal mummy
 76816 | Tomb:3   | Killed a royal mummy
 76893 | Tomb:3   | Identified the ring of Eddoh {Ice Drain rCorr Str+6 Slay+5}
 76896 | Tomb:3   | Identified the ring "Jideat" {Wiz Str+5 Dex-2}
 76901 | Tomb:3   | Got the Parchment of Beckoning and the Mausoleum
 76908 | Tomb:3   | Identified the ring "Lir Riat" {Will+ Int+2 Stlth+}
 76912 | Tomb:3   | Identified the +3 arbalest of Drought {antimagic, Will+}
 76913 | Tomb:3   | Identified the ring "Keywedigg" {+Blink MP+9 Int+3}
 76973 | Tomb:3   | Got a golden rune of Zot
 77677 | Zot:5    | Noticed an orb of fire
 77677 | Zot:5    | Noticed an ancient lich
 77682 | Zot:5    | Killed an orb of fire
 77683 | Zot:5    | Killed an ancient lich
 77688 | Zot:5    | Noticed an orb of fire
 77688 | Zot:5    | Gained mutation: You are weak. (Str -2) [an orb of fire]
 77688 | Zot:5    | Gained mutation: Your body sometimes deteriorates upon
                  | taking damage. [an orb of fire]
 77689 | Zot:5    | Gained mutation: You occasionally lose the ability to drink
                  | potions when taking damage. [an orb of fire]
 77692 | Zot:5    | Gained mutation: You sometimes lose your temper in combat.
                  | [an orb of fire]
 77693 | Zot:5    | Killed an orb of fire
 77762 | Zot:5    | Noticed a dread lich
 77763 | Zot:5    | Noticed a dread lich
 77764 | Zot:5    | Noticed an orb of fire
 77767 | Zot:5    | Killed a dread lich
 77767 | Zot:5    | Killed a dread lich
 77770 | Zot:5    | Killed an orb of fire
 77773 | Zot:5    | Reached skill level 27 in Fighting
 77839 | Zot:5    | Got the Orb of Zot
 77874 | Zot:3    | Gained mutation: You are clumsy. (Dex -2) [a cacodemon]
 78013 | Depths:3 | Noticed Cyept the pandemonium lord
 78020 | Depths:3 | Killed Cyept the pandemonium lord
 78105 | D:15     | Noticed Buculeas the pandemonium lord
 78111 | D:15     | Killed Buculeas the pandemonium lord
 78112 | D:15     | Reached skill level 15 in Dodging
 78571 | D:$      | Escaped with the Orb!

Illustrated notes

Levels and vault maps discovered:
D:1:      dpeg_arrival_tiny_f, layout_basic, serial_shops,
          nicolae_shop_tiny_waterfront
D:2:      layout_basic, shapermc_ecumenical_altar_rom_forum, serial_aquarium,
          aquarium_bridge_island_small [aquarium_subvault_small_open,
          aquarium_subvault_wall, aquarium_subvault_wall,
          aquarium_subvault_bridge, aquarium_subvault_wall],
          aquarium_window_corner, aquarium_window_2, aquarium_window_fake,
          aquarium_view_2d, aquarium_balcony_3b, basic_altar
D:3:      layout_basic, uniq_sigmund, uniq_terence, uniq_jessica,
          uniq_crazy_yiuf_cottage
D:4:      nicolae_cairo_tiling_large, layout_cave_pools, kennysheep_mini_moat
D:5:      layout_gridville, xom_redecorated, minmay_temple_entry_arrows,
          minmay_misc_feat_iff, uniq_duvessa
D:6:      layout_rooms
D:7:      layout_basic, st_stairs_6, kennysheep_generic_room_8,
          uniq_prince_ribbit1, uniq_pikel
D:8:      layout_gridville, lemuel_tele_altar, gammafunk_ghost_arena,
          serial_shops, nicolae_shop_advertising_works
          [nicolae_subvault_shop_adworks], kb_lookout_dungeons_type, uniq_erica
D:9:      layout_roguey, dpeg_oklobed_lair, minmay_pinched_square
D:10:     layout_basic, minmay_ruffians, uniq_snorg
D:11:     layout_irregular_city, portal_ice_cave_entry_pillars_2
D:12:     layout_loops_cross, david_orc_4
D:13:     minmay_the_grid_square_5x5_5x5_mashed
          [minmay_the_grid_square_5x5_inner_i,
          minmay_the_grid_square_5x5_hourglass,
          minmay_the_grid_square_5x5_gyroscope,
          minmay_the_grid_square_5x5_checkered_sparse,
          minmay_the_grid_square_5x5_inverted_slash,
          minmay_the_grid_square_5x5_doubleslash,
          minmay_the_grid_square_5x5_prize_pseudospiral,
          minmay_the_grid_square_5x5_moneybag,
          minmay_the_grid_square_5x5_prize_snowflake,
          minmay_the_grid_square_5x5_spiral_small,
          minmay_the_grid_square_5x5_plus, minmay_the_grid_square_5x5_bite,
          minmay_the_grid_square_5x5_prize_gold,
          minmay_the_grid_square_5x5_intrusive_squares,
          minmay_the_grid_square_5x5_bracketed,
          minmay_the_grid_square_5x5_one_wall,
          minmay_the_grid_square_5x5_prize_junk,
          minmay_the_grid_square_5x5_tetrominoes,
          minmay_the_grid_square_5x5_prize_rear_guard,
          minmay_the_grid_square_5x5_three_small, minmay_the_grid_square_5x5_z,
          minmay_the_grid_square_5x5_eight_small,
          minmay_the_grid_square_5x5_seven, minmay_the_grid_square_5x5_shrine1,
          minmay_the_grid_square_5x5_comb], layout_basic, gauntlet_entry_generic
D:14:     minmay_box_of_curves, layout_basic, david_vaults_4,
          nicolae_trove_entry_free_sample
D:15:     hangedman_depths_entry_try_elsewhere_first, layout_basic
Temple:   hellmonk_temple_of_storms
Lair:1:   layout_roguey, gammafunk_ghost_grave, grunt_megastairs_1
Lair:2:   nzn_winding_woodlands_huge [nzn_winding_woodlands_5x15_lazy_stream,
          nzn_winding_woodlands_5x15_split_checker,
          nzn_winding_woodlands_5x15_sawtooth,
          nzn_winding_woodlands_5x15_default,
          nzn_winding_woodlands_5x15_concentric, nzn_winding_woodlands_5x15_eye,
          nzn_winding_woodlands_5x15_garden,
          nzn_winding_woodlands_5x15_sidewinder,
          nzn_winding_woodlands_5x15_zeroes, nzn_winding_woodlands_5x15_default,
          nzn_winding_woodlands_center_diamonds,
          nzn_winding_woodlands_center_garden,
          nzn_winding_woodlands_15x15_five_gardens], layout_chaotic_city
Lair:3:   layout_gridlike, swamp_mist, minmay_shattered_shrine, uniq_amaemon
Lair:4:   gammafunk_mikee_crab_dinner, layout_gridlike, serial_rivers,
          chequers_serial_rivers_micro_c, chequers_serial_rivers_room_a,
          chequers_serial_rivers_small_3, chequers_serial_rivers_micro_d,
          chequers_serial_rivers_micro_d, nicolae_quartered_pool_impasse,
          uniq_urug
Lair:5:   cheibrodos_lair_end_hotspot, layout_gridlike,
          dpeg_slime_entry_enclosed, nzn_masters_of_martial_movement,
          serial_bayou_shore_b
Swamp:1:  layout_basic_swamp, hangedman_swamp_ruin_hall,
          infiniplex_staircase_pool_2
Swamp:2:  layout_basic_swamp, nicolae_swamp_treefoil
Swamp:3:  gammafunk_sealed_arena, layout_basic_swamp,
          evilmike_swamp_ruin_house_5, swamp_pool2, uniq_bai_suzhen
Swamp:4:  swamp_old_school, layout_basic_swamp, swamp_pool1
Snake:1:  layout_cave_pods, serial_shops, nicolae_shop_waterfront,
          grunt_megastairs_2
Snake:2:  layout_onion, serial_shops, nicolae_shop_competitors_out_of_business,
          nicolae_shop_tiny_waterfront, uniq_vashnia
Snake:3:  layout_honeycomb, grunt_ministairs_7, serial_bayou_crossing,
          serial_bayou_shore_a, uniq_aizul
Snake:4:  grunt_snake_rune_serpentine_throne, layout_misc_corridors,
          gammafunk_ghost_necromancy
Slime:1:  layout_caves, cheibrodos_slime_lost_civilization_7
Slime:2:  layout_caves
Slime:3:  cheibrodos_slime_lost_civilization_2, layout_caves
Slime:4:  layout_caves
Slime:5
Orc:1:    layout_caves, serial_shops, shop, uniq_sonja
Orc:2:    grunt_orc_community_town_hall, layout_caves,
          grunt_orc_community_big_house_1, grunt_orc_community_big_house_2,
          grunt_orc_community_house_2, grunt_orc_community_house_3,
          grunt_orc_community_house_3, grunt_orc_community_house_3,
          grunt_orc_community_house_1, grunt_orc_community_house_2, basic_altar,
          ebering_ghost_rock_garden
Elf:1:    nicolae_elf_arrival_no_cutting_in_line, layout_gridlike, serial_shops,
          bzr_entry_customers, minmay_elf_annihilation
Elf:2:    elven_hall_of_blades_hangedman_original [nicolae_blade_little_rooms],
          layout_rooms, uniq_azrael, uniq_louise
Elf:3:    minmay_elf_hall_statues, layout_gridlike, serial_shops, statue_bzr,
          hangedman_decor_cross_pass
Vaults:1: nicolae_vaults_meiosis, ontoclasm_vaults_claustrophobia,
          vaults_room_hallway, nicolae_vaults_three_branches,
          hangedman_vaults_snaps, nicolae_vaults_trapezoid_lopsided_3, v_misc_1,
          v_alt_pattern_2, nicolae_vaults_diagonal_hallway_7, v_alt_pattern_2,
          v_misc_8, vaults_room_door_ring, nicolae_vaults_diagonal_hallway_6,
          nicolae_vaults_trapezoid_1, vaults_room_guarded_vault,
          layout_vaults_omnicross, uniq_donald
Vaults:2: nicolae_vaults_cornered_office, vaults_mumra_minichess,
          vaults_room_fours, v_rooms_3, nicolae_vaults_circle_grid_b,
          nicolae_vaults_shipping_containers_4, nicolae_vaults_mitosis,
          nicolae_vaults_lightning_bolt, hangedman_vaults_restitches, v_misc_25,
          vaults_mumra_chevron_long, vaults_room_hallway,
          layout_vaults_maze_snakey
Vaults:3: vaults_mumra_hexcomb, minmay_crypt_entry_simple_plaza,
          v_alt_pattern_1, nicolae_vaults_hallways_thing,
          nicolae_vaults_security_offices_1, nicolae_vaults_two_Ls,
          ontoclasm_vaults_gateway, nicolae_vaults_tetromino_L_1, v_misc_26,
          v_misc_26, nicolae_vaults_little_squares_6, vaults_room_fours,
          nicolae_vaults_house_1, v_misc_10, nicolae_vaults_sealed_display,
          vaults_dpeg_encased_lava, layout_vaults_ring, uniq_frederick,
          uniq_zenata, uniq_sojobo
Vaults:4: hellmonk_ghost_happy_afterlife, vaults_mumra_chevron,
          nicolae_vaults_heist, nicolae_vaults_network_periphery,
          dpeg_vaults_monster_row, nicolae_vaults_six-pack,
          nicolae_vaults_little_squares_2, hangedman_vaults_cutoff,
          nicolae_vaults_closet_pinwheel_3, vaults_room_pool,
          vaults_room_hangedman_quadrants, layout_vaults_chaotic_city
Vaults:5
Crypt:1:  layout_gridlike, grunt_crypt_arrival_webbed, uniq_vv
Crypt:2:  layout_chaotic_city, grunt_megastairs_3
Crypt:3:  david_glass_crypt, layout_basic, tomb_entry_forgotten_bobbens
Tomb:1
Tomb:2
Tomb:3
Depths:1: layout_gridlike, hell_entry, chequers_big_river, cheibriados_altar_1
Depths:2: minmay_guarded_unrand_guard, layout_gridlike, rand_demon_pan_entry_1,
          serial_shops, nicolae_stop_n_shop_2, nicolae_shop_getting_attention,
          shop_statue, nicolae_shop_rolling_square,
          nicolae_shop_back_alley_shop, pf_vacation_house_of_asmodeus,
          kennysheep_cross_bottleneck, kennysheep_generic_room_4
Depths:3: cheibrodos_hall_of_evolution, layout_basic, grunt_mini_vestibule,
          nicolae_abyss_entry_one_way_or_another, serial_glass, glass_columns_a,
          glass_columns_a, item_on_display_b, item_on_display_a
Depths:4: evilmike_zot_entry_diamond, layout_gridlike, enter_ziggurat_b,
          nicolae_gozag_zags_fifth_avenue, pf_hell_entry_tar_spiral,
          minmay_hollow_rounded_squares
Hell
Dis:1:    layout_gridville, lemuel_dis_dragons
Dis:2:    hangedman_iron_city_apartments
Dis:3:    layout_subdivisions, evilmike_ambush [evilmike_ambush_outer_pillars,
          evilmike_ambush_inner_wall_1]
Dis:4:    layout_gridville
Dis:5:    layout_overlapping_boxes, minmay_strange_pillars,
          nicolae_dis_bowling_alley
Dis:6:    layout_gridville
Dis:7:    dis_hangedman
Geh:1:    layout_gehenna_pools_box, nicolae_geh_lavax
Geh:2:    layout_gehenna_pools_box
Geh:3:    layout_gehenna_lava_caves
Geh:4:    layout_gehenna_lava_caves
Geh:5:    layout_gehenna_lava_caves
Geh:6:    layout_gehenna_lava_caves
Geh:7:    geh_grunt
Coc:1:    nicolae_coc_on_the_berg
Coc:2:    layout_cocytus_delve, serial_ice, serial_ice_a
Coc:3:    layout_cocytus_water_paths
Coc:4:    layout_cocytus_water_paths
Coc:5:    layout_cocytus_water_paths
Coc:6:    layout_cocytus_water_paths, serial_ice
Coc:7:    coc_grunt
Tar:1:    layout_cathedral_of_symmetry, nicolae_tar_spectre_spectrum
Tar:2:    layout_grid_maze, nicolae_tar_cuneiform_not,
          nicolae_tar_just_some_guys
Tar:3:    layout_catacombs, nicolae_tar_cuneiform_oil
Tar:4:    layout_grid_maze
Tar:5:    nicolae_hells_demon_pit, layout_cathedral_of_symmetry
Tar:6:    layout_honeycomb, lemuel_nasty_fountain
Tar:7:    tar_grunt_cathedral
Zot:1:    layout_twisted_circle
Zot:2:    kennysheep_oblong_rooms, layout_misc_corridors
Zot:3:    layout_basic, grunt_megastairs_5
Zot:4:    layout_cathedral_of_symmetry, grunt_ministairs_8, zot_minivault_8,
          uniq_josephina, uniq_grunn
Zot:5:    layout_twisted_circle, grunt_ministairs_10, st_stairs_6

Skill      XL: |  1  2  3  4  5  6  7  8  9 10 11 12 13 14 15 16 17 18 19 20 21 22 23 24 25 26 27 |
---------------+----------------------------------------------------------------------------------+-----
Unarmed Combat | 4 6 8 9 12 16 18 20 22 23 24 26 27 | 27.0
Transmutations | 3 7 10 12 | 12.2
Invocations    | 5 7 13 15 17 | 17.2
Dodging        | 6 7 10 11 14 15 | 15.3
Fighting       | 8 10 13 14 17 27 | 27.0
Translocations | 5 9 12 | 12.1
Shields        | 7 13 15 18 | 18.3
Earth Magic    | 11 14 15 27 | 27.0
Spellcasting   | 4 7 13 | 13.9
Throwing       | 8 13 21 | 21.8
Evocations     | 12 | 12.7

Action                     |  1- 3 |  4- 6 |  7- 9 | 10-12 | 13-15 | 16-18 | 19-21 | 22-24 | 25-27 || total
---------------------------+-------+-------+-------+-------+-------+-------+-------+-------+-------++-------
  Melee: Unarmed           |    80 |   132 |   157 |   366 |   702 |  1198 |  1297 |  1020 |  3659 ||  8611
         Kick              |       |    27 |    46 |   140 |   292 |   476 |   614 |   472 |   658 ||  2725
         Punch             |       |       |       |       |       |       |       |    11 |    12 ||    23
         Headbutt          |       |       |       |       |       |       |       |       |   534 ||   534
         Staff             |       |       |       |       |       |       |       |       |    12 ||    12
  Throw: Dart              |       |       |     3 |     1 |       |       |       |       |       ||     4
         Large rock        |       |       |       |       |       |       |       |       |   102 ||   102
         Throwing net      |       |       |       |       |       |       |       |       |     2 ||     2
   Cast: Wereblood         |       |       |     1 |    14 |    38 |    21 |    30 |    16 |     2 ||   122
         Blink             |       |       |       |       |       |       |     1 |     1 |    24 ||    26
         Statue Form       |       |       |       |       |       |       |       |    16 |   322 ||   338
         Blade Hands       |       |       |       |       |       |       |       |     2 |     6 ||     8
         Apportation       |       |       |       |       |       |       |       |     1 |    46 ||    47
         Lee's Rapid Decon |       |       |       |       |       |       |       |       |     4 ||     4
         Lesser Beckoning  |       |       |       |       |       |       |       |       |   197 ||   197
         Shatter           |       |       |       |       |       |       |       |       |    81 ||    81
 Invoke: Temporal Distorti |       |       |       |     2 |     9 |     6 |    11 |     4 |    56 ||    88
         Bend Time         |       |       |       |       |     8 |     6 |     4 |     1 |    12 ||    31
         Slouch            |       |       |       |       |     9 |    19 |     5 |    17 |    39 ||    89
         Step From Time    |       |       |       |       |     2 |     3 |     7 |     1 |     9 ||    22
Ability: End Transformatio |       |       |       |       |       |       |       |     1 |     9 ||    10
         Evoke Blink       |       |       |       |       |       |       |       |       |     2 ||     2
  Evoke: Wand              |       |       |       |     2 |    20 |    13 |     5 |       |     2 ||    42
    Use: Potion            |       |     9 |       |     2 |     6 |     2 |     7 |     2 |    62 ||    90
         Scroll            |       |     1 |     2 |    10 |    10 |     7 |     6 |     4 |    45 ||    85
   Stab: Sleeping          |       |       |       |     1 |       |     1 |       |       |     7 ||     9
         Distracted        |       |       |       |       |     1 |       |       |       |    18 ||    19
         Invisible         |       |       |       |       |       |     5 |     2 |    20 |     6 ||    33
         Confused          |       |       |       |       |       |     2 |       |       |       ||     2
         Held in net/web   |       |       |       |       |       |       |       |       |     2 ||     2
         Petrifying        |       |       |       |       |       |       |       |       |     1 ||     1
 Armour: Robe              |    31 |    15 |    32 |     3 |       |       |       |     1 |     6 ||    88
         Skin              |       |     1 |       |       |       |       |       |    63 |   910 ||   974
         Steam dragon scal |       |       |       |    49 |   101 |    21 |       |       |       ||   171
         Fire dragon scale |       |       |       |       |       |    81 |    89 |    11 |       ||   181
         Troll leather arm |       |       |       |       |       |       |       |    23 |    12 ||    35
  Dodge: Dodged            |    31 |    43 |    72 |   251 |   830 |   910 |   584 |   697 |  2798 ||  6216
  Block: Kite shield       |       |       |       |       |       |    81 |       |       |   346 ||   427
         Tower shield      |       |       |       |       |       |   829 |  1219 |  1055 |  5101 ||  8204
         Reflection        |       |       |       |       |       |    84 |   131 |    81 |   123 ||   419

Table legend: (Time is in decaauts)
 A = Elapsed time spent in this place.
 B = Non-inter-level travel time spent in this place.
 C = Inter-level travel time spent in this place.
 D = Time resting spent in this place.
 E = Time spent auto-exploring this place.
 F = Levels seen in this place.
 G = Mean time per level.
                   A        B        C        D        E       F      G
               +--------+--------+--------+--------+--------+-----+--------+
         Total | 132421 | 109164 |  23257 |   8900 |  59538 | 138 |  959.6 |
       Dungeon |  26818 |  18210 |   8608 |    635 |  12374 |  15 | 1787.9 |
        Temple |     46 |     33 |     13 |      0 |      0 |   1 |   46.0 |
          Lair |  11346 |   8766 |   2580 |    426 |   6690 |   5 | 2269.2 |
         Swamp |   5502 |   4585 |    917 |    406 |   3031 |   4 | 1375.5 |
     Snake Pit |   7443 |   6863 |    580 |    695 |   4725 |   4 | 1860.8 |
    Slime Pits |   1180 |   1049 |    131 |    339 |    140 |   5 |  236.0 |
  Orcish Mines |   2975 |   2430 |    545 |    142 |   1541 |   2 | 1487.5 |
   Elven Halls |   5231 |   4371 |    860 |     26 |   3078 |   3 | 1743.7 |
        Vaults |  13313 |  10295 |   3018 |    497 |   7168 |   5 | 2662.6 |
         Crypt |   6741 |   5236 |   1505 |    547 |   3273 |   3 | 2247.0 |
          Tomb |   3156 |   2566 |    590 |    421 |      0 |   3 | 1052.0 |
        Depths |   9603 |   7123 |   2480 |    196 |   5307 |   4 | 2400.8 |
          Hell |   1072 |    943 |    129 |    425 |      0 |   1 | 1072.0 |
           Dis |   2786 |   2607 |    179 |    406 |      0 |   7 |  398.0 |
       Gehenna |   3077 |   3077 |      0 |    317 |      0 |   7 |  439.6 |
       Cocytus |   2480 |   2410 |     70 |    674 |      0 |   7 |  354.3 |
      Tartarus |   2238 |   2143 |     95 |    247 |      0 |   7 |  319.7 |
           Zot |  10796 |   9843 |    953 |   1073 |   6662 |   5 | 2159.2 |
         Abyss |    419 |    419 |      0 |      8 |      0 |   4 |  104.8 |
   Pandemonium |  11855 |  11855 |      0 |    969 |   4732 |  23 |  515.4 |
      Ziggurat |   2398 |   2398 |      0 |    311 |      0 |  19 |  126.2 |
        Bazaar |    529 |    529 |      0 |      0 |    150 |   2 |  264.5 |
         Trove |     79 |     79 |      0 |      0 |      0 |   1 |   79.0 |
      Ice Cave |   1328 |   1328 |      0 |    134 |    663 |   1 | 1328.0 |
               +--------+--------+--------+--------+--------+-----+--------+

Top non-repeatable levels by time:
    D:14: 4233 daAuts
   Zot:4: 3734 daAuts
Vaults:4: 3489 daAuts
    D:13: 3213 daAuts
    D:15: 3117 daAuts
Vaults:1: 3079 daAuts
  Lair:2: 3001 daAuts
 Crypt:3: 2838 daAuts
Depths:4: 2804 daAuts
Depths:2: 2727 daAuts
Depths:1: 2713 daAuts
Vaults:3: 2632 daAuts
  Lair:5: 2437 daAuts
    D:12: 2351 daAuts
 Crypt:2: 2192 daAuts
